 Dungeon Crawl Stone Soup version 0.27-a0-93-g19769c27d7 (webtiles) character file.

Game seed: 1177719414036394045

12564938 dmks the Gargoyle Barricade (level 27, 111/199 HPs)
             Began as a Gargoyle Fighter on Jan 9, 2021.
             Was the Champion of the Shining One.
             Escaped with the Orb
             ... and 15 runes on Jan 16, 2021!
             The game lasted 12:48:33 (129511 turns).

dmks the Gargoyle Barricade (Gargoyle Fighter)    Turns: 129511, Time: 12:48:33

Health: 111/199    AC: 65    Str: 42    XL:     27
Magic:  40/40      EV: 19    Int: 16    God:    the Shining One [******]
Gold:   14866      SH: 36    Dex: 15    Spells: 39/41 levels left

rFire    + + +     SeeInvis .   a - +8 morningstar of the Chain {holy, rPois Will++}
rCold    + + .     Faith    .   S - +1 tower shield of Risuiw {rF+}
rNeg     + + +     Spirit   .   r - +9 scales of the Dragon King {rPois rF+ rC+ Will+}
rPois    ∞         Reflect  +   c - +1 hat {Will+}
rElec    +         Harm     .   V - scarf {rC+ rF+}
rCorr    +         Rampage  .   f - -3 pair of gloves of Thoughtfulness {Str+6}
Will     +++++                  Z - +1 pair of boots {Stlth+}
Stlth    ..........             o - amulet "Xusudgh" {Reflect rC- rN+ Str+4 Dex+4 SH+5}
HPRegen  0.43/turn              J - ring "Ratiat" {AC+4 Str+2 Int+4}
MPRegen  0.27/turn              I - ring "Qetiah Niwa" {*Contam rC+ rN+ rCorr}

@: glowing
A: big wings, beak, talons 2, yellow scales 1, agile 1, negative energy
resistance 1, electricity resistance, wild magic 1, unbreathing, petrification
resistance, miasma immunity, sturdy frame 1, AC +20
0: Orb of Zot
}: 15/15 runes: barnacled, slimy, silver, golden, iron, obsidian, icy, bone,
abyssal, demonic, glowing, magical, fiery, dark, gossamer
a: Fly, Renounce Religion, Divine Shield, Cleansing Flame, Summon Divine Warrior


You escaped.
You worshipped the Shining One.
The Shining One was exalted by your worship.
You visited 18 branches of the dungeon, and saw 90 of its levels.
You visited Pandemonium 1 time, and saw 14 of its levels.
You visited the Abyss 4 times.
You visited 1 ziggurat, and saw 17 of its levels.
You also visited: Sewer, Gauntlet, Ice Cave and Wizlab.

You collected 16743 gold pieces.
You spent 1877 gold pieces at shops.

Inventory:

Hand Weapons
 a - the +8 morningstar of the Chain (weapon) {holy, rPois Will++}
   (You found it on level 14 of a ziggurat)

   It has been blessed by the Shining One to cause great damage to the undead
   and demons.
   It protects you from poison.
   It affects your willpower, your defense against some magical effects.
 b - the +8 demon trident "Rift" {distort, reach+}
   (You took it off a deep elf death mage on level 5 of the Vaults)

   It warps and distorts space around it.
   Unwielding it can cause banishment or high damage.
   The Shining One disapproves of the use of such an item.
Missiles
 G - 12 throwing nets (quivered) {!f}
 T - 74 silver javelins
Armour
 c - a +1 hat of willpower (worn)
   (You found it in Pandemonium)
 e - a +1 kite shield of fire resistance
   (You found it on level 3 of the Tomb of the Ancients)
 f - the -3 pair of gloves of Thoughtfulness (worn) {Str+6}
   (You found it on level 7 of Tartarus)

   It affects your strength (+6).
 r - the +9 scales of the Dragon King (worn) {rPois rF+ rC+ Will+}
   (You found it on level 2 of a ziggurat)

   It protects you from fire.
   It protects you from cold.
   It protects you from poison.
   It affects your willpower, your defense against some magical effects.
 C - a +12 crystal plate armour
   (You acquired it on level 4 of the Spider Nest)
 S - the +1 tower shield of Risuiw (worn) {rF+}
   (Okawaru gifted it to you on level 5 of the Vaults)

   It protects you from fire.
 V - a scarf of resistance (worn)
   (Okawaru gifted it to you on level 1 of the Elven Halls)
 W - the +2 helmet "Rusuit" {rPois Regen+ Int+3}
   (You found it on level 9 of a ziggurat)

   It affects your intelligence (+3).
   It protects you from poison.
   It increases your rate of regeneration.
 Z - a +1 pair of boots of stealth (worn)
   (You found it on level 3 of the Vaults)
Jewellery
 o - the amulet "Xusudgh" (around neck) {Reflect rC- rN+ Str+4 Dex+4 SH+5}
   (You found it in a wizard's laboratory)

   [amulet of reflection]

   It shields you and reflects attacks.
   It affects your strength (+4).
   It affects your dexterity (+4).
   It makes you vulnerable to cold.
   It protects you from negative energy.
   It affects your SH (+5).
 I - the ring "Qetiah Niwa" (right hand) {*Contam rC+ rN+ rCorr}
   (You found it in a Gauntlet)

   [ring of resist corrosion]

   It protects you from cold.
   It protects you from negative energy.
   It causes magical contamination when unequipped.
   It provides partial protection from all sources of acid and corrosion.
 J - the ring "Ratiat" (left hand) {AC+4 Str+2 Int+4}
   (You took it off a tengu reaver on level 3 of the Depths)

   [ring of protection]

   It affects your AC (+4).
   It affects your strength (+2).
   It affects your intelligence (+4).
Wands
 d - a wand of iceblast (57)
   (You found it on level 1 of the Shoals)
 u - a wand of paralysis (44)
   (You found it on level 1 of the Lair of Beasts)
 v - a wand of digging (9)
   (You found it in a Gauntlet)
 x - a wand of acid (57)
   (You took it off a deep elf mage on level 2 of the Vaults)
 N - a wand of polymorph (34)
   (You found it on level 2 of the Lair of Beasts)
 Q - a wand of enslavement (31)
   (You found it on level 6 of the Lair of Beasts)
Scrolls
 g - 8 scrolls of fog
 i - 31 scrolls of teleportation {@r4}
 j - 6 scrolls of enchant armour
 k - 4 scrolls of vulnerability {!r}
 l - 5 scrolls of immolation {!r}
 y - 3 scrolls of identify {@r1}
 B - a scroll of enchant weapon
 E - 15 scrolls of fear
 F - 5 scrolls of blinking
 M - 32 scrolls of remove curse {@r2}
 P - 3 scrolls of silence
 R - 8 scrolls of holy word
 Y - a scroll of magic mapping
Potions
 h - 7 potions of cancellation
 m - 6 potions of mutation {!q}
 n - 7 potions of brilliance
 p - 10 potions of lignification {!q}
 q - 23 potions of curing {@q1}
 w - 7 potions of heal wounds {@q2}
 A - 2 potions of might
 D - 5 potions of resistance
 K - 5 potions of ambrosia
 L - 5 potions of haste {@q3}
 U - 5 potions of magic
 X - 9 potions of attraction {!q}
Miscellaneous
 s - a phantom mirror
   (You found it on level 7 of Cocytus)
 z - a figurine of a ziggurat {!*}


   Skills:
 O Level 27 Fighting
 O Level 27 Maces & Flails
 O Level 27 Throwing
 O Level 27 Armour
 + Level 15.0 Dodging
 O Level 27 Shields
 - Level 7.9 Spellcasting
 - Level 2.8 Air Magic
 O Level 27 Invocations
 + Level 20.7 Evocations


You had 39 spell levels left.
You knew the following spells:

 Your Spells              Type           Power        Failure   Level
s - Swiftness             Air            19%          21%         2

Your spell library contained the following spells:

 Spells                   Type           Power        Failure   Level
 Shock                    Conj/Air       56%          24%         1
 Corpse Rot               Necr/Air       N/A          34%         2
 Poisonous Vapours        Pois/Air       28%          34%         2
 Animate Skeleton         Necr           16%          38%         1
 Apportation              Tloc           16%          38%         1
 Beastly Appendage        Tmut           16%          38%         1
 Corona                   Hex            8%           38%         1
 Foxfire                  Conj/Fire      32%          38%         1
 Freeze                   Ice            32%          38%         1
 Magic Dart               Conj           32%          38%         1
 Pain                     Necr           32%          38%         1
 Sandblast                Erth           16%          38%         1
 Sting                    Tmut/Pois      32%          38%         1
 Summon Small Mammal      Summ           32%          38%         1
 Blink                    Tloc           N/A          52%         2
 Call Imp                 Summ           8%           52%         2
 Ensorcelled Hibernation  Hex/Ice        16%          52%         2
 Passwall                 Tmut/Erth      6%           52%         2
 Searing Ray              Conj           16%          52%         2
 Slow                     Hex            8%           52%         2
 Wereblood                Tmut           8%           52%         2
 Static Discharge         Conj/Air       14%          54%         3
 Mephitic Cloud           Conj/Pois/Air  12%          61%         3
 Call Canine Familiar     Summ           8%           75%         3
 Confusing Touch          Hex            8%           75%         3
 Conjure Flame            Conj/Fire      8%           75%         3
 Dazzling Flash           Conj/Hex       16%          75%         3
 Frozen Ramparts          Ice            16%          75%         3
 Gell's Gravitas          Tloc           4%           75%         3
 Ignite Poison            Fire/Tmut/Pois 8%           75%         3
 Inner Flame              Hex/Fire       8%           75%         3
 Lesser Beckoning         Tloc           4%           75%         3
 Ozocubu's Armour         Ice            8%           75%         3
 Portal Projectile        Hex/Tloc       16%          75%         3
 Spider Form              Tmut/Pois      4%           75%         3
 Stone Arrow              Conj/Erth      16%          75%         3
 Summon Guardian Golem    Hex/Summ       8%           75%         3
 Tukima's Dance           Hex            8%           75%         3
 Vampiric Draining        Necr           4%           75%         3
 Airstrike                Air            9%           75%         4
 Summon Lightning Spire   Summ/Air       14%          90%         4
 Animate Dead             Necr           4%           98%         4
 Cause Fear               Hex            4%           98%         4
 Dispel Undead            Necr           8%           98%         4
 Fulminant Prism          Conj/Hex       4%           98%         4
 Hailstorm                Conj/Ice       8%           98%         4
 Ice Form                 Ice/Tmut       8%           98%         4
 Iskenderun's Mystic Bla  Conj/Tloc      8%           98%         4
 Leda's Liquefaction      Hex/Erth       4%           98%         4
 Olgreb's Toxic Radiance  Pois           8%           98%         4
 Passage of Golubria      Tloc           N/A          98%         4
 Petrify                  Tmut/Erth      8%           98%         4
 Sticky Flame             Conj/Fire      8%           98%         4
 Summon Ice Beast         Ice/Summ       8%           98%         4
 Lightning Bolt           Conj/Air       7%           99%         5
 Silence                  Hex/Air        7%           99%         5
 Agony                    Necr           8%           100%        5
 Alistair's Intoxication  Tmut/Pois      5%           100%        5
 Blade Hands              Tmut           4%           100%        5
 Bolt of Magma            Conj/Fire/Erth 4%           100%        5
 Borgnjor's Vile Clutch   Necr/Erth      4%           100%        5
 Excruciating Wounds      Necr           4%           100%        5
 Fireball                 Conj/Fire      4%           100%        5
 Irradiate                Conj/Tmut      4%           100%        5
 Iskenderun's Battlesphe  Conj           8%           100%        5
 Lee's Rapid Deconstruct  Erth           4%           100%        5
 Metabolic Englaciation   Hex/Ice        4%           100%        5
 Summon Demon             Summ           4%           100%        5
 Summon Forest            Summ/Tloc      4%           100%        5
 Summon Mana Viper        Hex/Summ       8%           100%        5
 Yara's Violent Unravell  Hex/Tmut       4%           100%        5
 Conjure Ball Lightning   Conj/Air       7%           100%        6
 Death Channel            Necr           4%           100%        6
 Dispersal                Tloc           4%           100%        6
 Eringya's Noxious Bog    Tmut/Pois      4%           100%        6
 Freezing Cloud           Conj/Ice/Air   6%           100%        6
 Hydra Form               Tmut           4%           100%        6
 Invisibility             Hex            8%           100%        6
 Iron Shot                Conj/Erth      4%           100%        6
 Shadow Creatures         Summ           N/A          100%        6
 Simulacrum               Ice/Necr       4%           100%        6
 Starburst                Conj/Fire      4%           100%        6
 Dragon Form              Tmut           4%           100%        7
 Orb of Destruction       Conj           4%           100%        7
 Spellforged Servitor     Conj/Summ      4%           100%        7
 Summon Hydra             Summ           4%           100%        7
 Chain Lightning          Conj/Air       7%           100%        8
 Discord                  Hex            4%           100%        8
 Disjunction              Tloc           4%           100%        8
 Ignition                 Fire           4%           100%        8
 Lehudib's Crystal Spear  Conj/Erth      4%           100%        8
 Absolute Zero            Ice            4%           100%        9
 Dragon's Call            Summ           4%           100%        9
 Fire Storm               Conj/Fire      4%           100%        9
 Shatter                  Erth           4%           100%        9
 Tornado                  Air            9%           100%        9
 Sublimation of Blood     Necr           Unusable     N/A         2
 Statue Form              Tmut/Erth      Unusable     N/A         6

Dungeon Overview and Level Annotations

Branches:
Dungeon (15/15)            Temple (1/1) D:7            Lair (6/6) D:9
 Shoals (4/4) Lair:4       Spider (4/4) Lair:4        Slime (5/5) Lair:5
    Orc (2/2) D:12            Elf (3/3) Orc:2        Vaults (5/5) D:14
  Crypt (3/3) Vaults:2       Tomb (3/3) Crypt:3      Depths (5/5) D:15
   Hell (visited)             Dis (7/7) Hell            Geh (7/7) Hell
    Coc (7/7) Hell            Tar (7/7) Hell            Zot (5/5) Depths:5
  Sewer (visited)           IceCv (visited)          WizLab (visited)
Gauntlet (visited)

Altars:
Ashenzari
Cheibriados
Dithmenos
Elyvilon
Fedhas
Gozag
Hepliaklqana
Kikubaaqudgha
Makhleb
Nemelex Xobeh
Okawaru
Qazlal
Ru
Sif Muna
Trog
Uskayaw
Vehumet
Wu Jian
Xom
Yredelemnul
Zin
The Shining One
Beogh
Jiyva

Shops:
D:8 [   D:9 *   D:11 (   D:12 }   Orc:2 *([[[   Elf:1 [   Vaults:2 =
Vaults:5 (   Depths:3 *

Portals:
Hell: Depths:1 Depths:2 Depths:3 Depths:4 Depths:5
Abyss: Depths:4
Pandemonium: Depths:1 Depths:3 Depths:5


Innate Abilities, Weirdness & Mutations

You are resistant to torment.
Your stone body is resilient. (AC +20)
You are immune to poison.
Your large and strong wings let you fly indefinitely.
You resist negative energy. (rN+)
You are resistant to electric shocks. (rElec)
You can survive without breathing.
You are immune to petrification.
You are immune to miasma.
You have a beak for a mouth.
You have razor-sharp toenails.
You are partially covered in yellow scales. (AC +2)
You are agile. (Dex +2)
Your spells are a little harder to cast, but a little more powerful.
Your movements are slightly less encumbered by armour. (ER -2)


Message History

You bludgeon the Orb Guardian!!
You kill the Orb Guardian!
There is a stone staircase leading up here.
You see here a stone.
You climb upwards.
There is a stone staircase leading down here.
Items here: ( )))).
Items here: ( )))).
Items here: ( ))))).
A rock wall.
This square is lit by a halo and is covered in magical glow.
The rock shatters into small pieces.
There is a stone staircase leading up here.
You climb upwards.
There is a stone staircase leading down here.
A blizzard demon comes into view.
An Orb Guardian comes into view.
You can't see that place.
The rock shatters into small pieces.
The blizzard demon gestures at you.
The Orb Guardian is engulfed in freezing vapours.
The Orb Guardian is engulfed in freezing vapours.
You can't see that place.
The rock shatters into small pieces.
The blizzard demon waves its arms in wide circles.
The air twists around and strikes you! You block the Orb Guardian's attack.
You block the Orb Guardian's attack. You block the Orb Guardian's attack.
There is a staircase leading out of the dungeon here.
You hit the Orb Guardian but do no damage.
You peck the Orb Guardian, but do no damage.
You block the Orb Guardian's attack.
You hit the Orb Guardian but do no damage.
Your peck misses the Orb Guardian.
The Orb Guardian hits you but does no damage.
You sock the Orb Guardian! Your peck misses the Orb Guardian.
The Orb Guardian hits you!!
You puncture the Orb Guardian! You block the Orb Guardian's attack.
The blizzard demon waves its arms in wide circles.
The air twists around and strikes you.
You puncture the Orb Guardian! Your peck misses the Orb Guardian.
You block the Orb Guardian's attack.
You hammer the Orb Guardian like a gong!!!
You peck the Orb Guardian, but do no damage.
The Orb Guardian hits you!!
You sock the Orb Guardian! You block the Orb Guardian's attack.
You impale the Orb Guardian!!
You kill the Orb Guardian!
You have escaped!

#............##.##.# ####.###
#.#.###########.##.#######.# #
#.#.# #.##.........# # #.#.#
#.############## #.#.## #.#
#........ ####....## #.#
#.....### ..>......# #.#
#........ ##†##...##
##.############### #.###.##
#@##...##.# #.#.. ##.#
###########...##....####.#..
.#.###..........2.######..##..#..
.#.....########.#.### ##....##..
...)..## #.##...####...####..
.#.##.# ##.##.#.......## #..
.#.##.# #.######.###.## #..
.#.##.# #.# ##.## #'######..
##..#.# #.####..# #.##..##..


You could see a blizzard demon.

Vanquished Creatures
  Cerebov (Pan)
  Antaeus (Coc:7)
  Asmodeus (Geh:7)
  the Royal Jelly (Slime:5)
  Gloorx Vloq (Pan)
  Lom Lobon (Pan)
  Tiamat (Zot:3)
  3 pandemonium lords
  6 orbs of fire
  9 ancient liches
  Mennas (Pan)
  A juggernaut (Zot:5)
  35 royal mummies
  Sojobo (Tomb:3)
  Saint Roka (Depths:4)
  14 shard shrikes
  7 Killer Klowns
  4 curse toes
  7 caustic shrikes
  Geryon (Hell)
  11 golden dragons
  Jory (Vaults:3)
  A Hellbinder (WizLab)
  15 bone dragons
  Arachne (Spider:3)
  30 Brimstone Fiends
  11 doom hounds
  4 hellephants
  2 electric golems (Zot:5)
  24 Tzitzimimeh
  20 tentacled monstrosities
  8 iron giants
  10 Hell Sentinels
  Asterion (Vaults:1)
  18 liches
  27 Orb Guardians
  29 Ice Fiends
  15 deep elf blademasters
  26 acid blobs
  14 quicksilver dragons
  19 titans
  14 deep elf master archers
  13 Executioners
  Kirke (Elf:1)
  Polyphemus (Shoals:3)
  18 ancient champions
  6 tentacled starspawn
  15 sphinxes
  An eldritch tentacle (Pan)
  6 death cobs
  10 storm dragons
  6 draconian monks
  6 tengu reavers
  Roxanne (D:14)
  A fenstrider witch (Zot:5)
  6 warmongers
  28 shadow dragons
  5 revenants
  7 blood saints
  9 draconian knights
  Donald (Elf:1)
  9 azure jellies
  24 frost giants
  30 balrugs
  7 deep elf sorcerers
  22 vault wardens
  9 draconian scorchers
  16 cacodemons
  11 ghost moths
  8 iron dragons
  A ghost moth (shapeshifter) (Zig:8)
  3 orc warlords
  Louise (D:14)
  18 fire giants
  4 curse skulls
  6 emperor scorpions (Spider:4)
  10 deep elf elementalists
  19 draconian annihilators
  5 draconian stormcallers
  2 angels
  16 draconian shifters
  4 elemental wellsprings
  2 caustic shrike skeletons
  70 reapers
  A juggernaut zombie (Zig:10)
  17 very ugly things
  25 ironheart preservers
  3 spriggan defenders
  A juggernaut skeleton (Zig:10)
  5 ghouls
  23 war gargoyles
  2 black suns (Pan)
  26 stone giants
  15 vampire knights
  2 corrupters
  20 black draconians
  10 bennus
  23 green draconians
  12 deep elf demonologists
  3 lorocyprocas
  15 yellow draconians
  13 deep elf annihilators
  Azrael (Elf:1)
  14 red draconians
  14 white draconians
  6 entropy weavers
  5 dire elephants
  6 spark wasps
  8 eidola
  A minotaur (Gauntlet)
  10 purple draconians
  Snorg (D:11)
  19 blizzard demons
  14 deep elf death magi
  20 ettins
  2 eleionomae
  14 death oozes
  8 deep elf high priests
  7 quicksilver dragon zombies
  7 merfolk javelineers
  25 mummy priests
  6 merfolk impalers
  A crystal guardian (Vaults:4)
  12 fire dragons
  Josephine (D:15)
  13 yaktaur captains
  2 kraken zombies
  10 jiangshi
  10 great orbs of eyes
  7 rakshasas
  Fannar (D:8)
  15 green deaths
  4 hell beasts
  29 ice dragons
  Harold (D:10)
  40 vault guards
  6 boulder beetles
  7 merfolk avatars
  13 hydras
  5 monstrous demonspawn
  A hydra (shapeshifter) (Zig:14)
  6 catoblepae
  An anaconda (shapeshifter) (Zig:7)
  27 starcursed masses
  8 spriggan air magi
  5 quicksilver dragon skeletons
  13 death knights
  5 merfolk aquamancers
  3 alligator snapping turtles
  4 ghost crabs
  11 centaur warriors
  9 tengu warriors
  42 two-headed ogres
  31 dancing weapons
  16 ogre magi
  2 satyrs
  8 death yaks
  9 deep troll shamans
  36 hell hogs
  14 vampire magi
  63 death scarabs
  13 thrashing horrors
  9 deep troll earth magi
  6 spriggan berserkers
  An alligator (shapeshifter) (Vaults:5)
  An orc high priest (Orc:2)
  4 iron golems (Dis:7)
  A shock serpent (shapeshifter) (Vaults:5)
  Urug (D:11)
  34 soul eaters
  53 sun demons
  36 deep elf knights
  10 titan zombies
  Sonja (Lair:4)
  10 small abominations
  3 storm dragon skeletons
  8 titan skeletons
  3 wretched stars
  6 storm dragon zombies
  155 skeletal warriors
  A quicksilver dragon simulacrum (Coc:3)
  16 iron trolls
  8 golden dragon zombies
  A goliath frog (Depths:1)
  12 anaconda zombies
  21 sixfirhies
  7 glowing orange brains
  A spark wasp zombie (Zig:9)
  A sea snake (shapeshifter) (Vaults:3)
  19 shadow wraiths
  3 spriggan druids
  12 wizards
  4 gelid demonspawn (Pan)
  17 sea snakes
  8 unseen horrors
  18 flayed ghosts
  33 large abominations
  47 hell knights
  3 ghost moth zombies
  2 infernal demonspawn (Pan)
  8 shadow dragon zombies
  2 swamp dragons (Zig:12)
  2 torturous demonspawn (Pan)
  42 deep elf archers
  A glowing orange brain (shapeshifter) (Vaults:5)
  18 shadow demons
  An orange crystal statue (Gauntlet)
  13 ironbrand convokers
  Pikel (D:4)
  41 deep trolls
  6 iron dragon zombies
  An obsidian statue (Zig:8)
  17 harpies
  A lindwurm (shapeshifter) (Vaults:3)
  A bog body (Crypt:3)
  29 phantasmal warriors
  25 necromancers
  27 orb spiders
  4 wolf spider zombies
  5 golden dragon skeletons
  6 anaconda skeletons
  6 orc knights
  8 cyclopes
  13 manticores
  5 shining eyes
  14 stone giant zombies
  4 orc sorcerers
  A wolf spider (shapeshifter) (Zig:14)
  21 wolf spiders
  10 fauns
  7 shadow dragon skeletons
  125 deep elf magi
  15 fire giant zombies
  A sphinx skeleton (Depths:2)
  2 draconians (Abyss:5)
  8 frost giant zombies
  44 ugly things
  A worldbinder (Zig:16)
  8 elephants
  10 dire elephant zombies
  11 stone giant skeletons
  2 salamanders (Depths:5)
  2 salamanders (shapeshifter)
  5 merfolk sirens
  9 frost giant skeletons
  A guardian serpent (Vaults:3)
  26 moths of wrath
  A shock serpent zombie (Tar:1)
  8 water nymphs
  3 torpor snails
  4 centaur zombies
  9 fire giant skeletons
  5 iron dragon skeletons
  A naga mage (D:15)
  Psyche (D:11)
  33 smoke demons
  17 molten gargoyles
  3 black mambas
  17 vault sentinels
  4 eyes of devastation
  7 ice statues
  32 rust devils
  2 gargoyles
  An apocalypse crab (Abyss:5)
  A storm dragon simulacrum (Depths:4)
  5 dire elephant skeletons
  2 shock serpent skeletons
  21 cane toads
  A spriggan zombie (Zig:9)
  A guardian serpent (shapeshifter) (Vaults:3)
  A rime drake (Zig:17)
  16 efreet
  A grey draconian zombie (Crypt:3)
  A yaktaur zombie (Depths:1)
  A cane toad (shapeshifter) (Depths:2)
  25 orange demons
  12 komodo dragons
  51 tormentors
  A minotaur zombie (Geh:7)
  59 yaktaurs
  5 anaconda simulacra (IceCv)
  A black draconian zombie (Crypt:1)
  2 emperor scorpion zombies
  38 hellions
  3 catoblepas zombies
  A white draconian zombie (Crypt:2)
  2 yaktaurs (shapeshifter)
  A pale draconian zombie (Crypt:1)
  42 freezing wraiths
  A green draconian zombie (Tar:6)
  46 ice devils
  32 demonic crawlers
  60 guardian mummies
  A meliai (shapeshifter) (Vaults:5)
  2 spriggan skeletons
  53 red devils
  2 tengu conjurers
  30 merfolk
  2 yellow draconian skeletons (Crypt:2)
  16 hellwings
  4 silent spectres
  An ancient zyme (Abyss:5)
  A jumping spider (shapeshifter) (Vaults:2)
  3 harpy zombies
  3 wind drakes
  7 polar bears
  19 hydra zombies
  A wolf spider simulacrum (Gauntlet)
  42 jumping spiders
  A hornet (shapeshifter) (Vaults:4)
  A queen bee (shapeshifter) (Vaults:3)
  5 trolls
  20 hornets
  17 blink frogs
  An iron dragon simulacrum (Hell)
  13 alligator zombies
  10 ettin zombies
  4 raiju
  9 fire dragon zombies
  10 snapping turtles
  54 slime creatures
  A dream sheep (shapeshifter) (Zig:14)
  2 harpy skeletons
  7 hydra skeletons
  9 ice dragon zombies
  4 dream sheep (Lair:3)
  A fire giant simulacrum (Hell)
  2 stone giant simulacra
  A blink frog (shapeshifter) (Depths:4)
  A meliai zombie (D:15)
  172 flying skulls
  3 human simulacra
  3 fire dragon skeletons
  60 redbacks
  6 air elementals
  3 black mamba zombies
  A redback (shapeshifter) (Depths:3)
  Sigmund (D:5)
  40 shadows
  A tarantella (shapeshifter) (Abyss:5)
  A dire elephant simulacrum (IceCv)
  16 spriggans
  4 alligator skeletons
  3 wyverns
  22 ushabtiu
  8 basilisks
  57 wraiths
  48 yaks
  14 ynoxinuls
  10 ettin skeletons
  40 water elementals
  35 tarantellas
  A vampire (D:15)
  3 fire bats (Geh:3)
  3 ice dragon skeletons
  2 hogs (Orc:2)
  32 fire elementals
  A black mamba skeleton (Geh:4)
  12 vampire mosquitoes
  2 basilisks (shapeshifter)
  11 golden eyes
  13 chaos spawn
  25 neqoxecs
  4 wargs
  Menkaure (D:6)
  2 soldier ants (D:13)
  2 soldier ants (shapeshifter)
  3 harpy simulacra (IceCv)
  An acid dragon (Vaults:2)
  3 hydra simulacra
  16 cane toad zombies
  A floating eye (Depths:1)
  51 hell hounds
  11 water moccasins
  4 cane toad skeletons
  A merfolk skeleton (Geh:3)
  52 orc warriors
  19 ice beasts
  3 sky beasts
  A hornet zombie (Crypt:2)
  3 black bears
  A dream sheep zombie (Crypt:1)
  3 elf zombies
  2 eyes of draining
  36 necrophages
  4 snapping turtle zombies
  2 alligator simulacra
  5 human zombies
  30 ogres
  18 boggarts
  3 manticore zombies
  2 swamp dragon zombies
  40 centaurs
  15 phantoms
  23 wolves
  2 swamp dragon skeletons
  4 snapping turtle skeletons
  3 lemures (D:5)
  2 manticore skeletons
  A komodo dragon zombie (Crypt:3)
  A salamander zombie (Crypt:3)
  A palentonga zombie (Crypt:1)
  3 big kobolds
  19 bullfrogs
  2 elf skeletons
  3 earth elementals
  2 wyvern zombies
  2 cane toad simulacra
  A wyvern skeleton (D:15)
  A manticore simulacrum (Coc:3)
  6 scorpions
  2 troll zombies
  8 killer bees (D:11)
  A howler monkey (D:3)
  An elf simulacrum (Vaults:3)
  115 wights
  5 electric eels (Lair:5)
  11 crimson imps
  2 bullfrog zombies
  11 hounds
  3 quasits
  8 centaur skeletons
  A gnoll shaman (Orc:1)
  21 orc priests
  4 jellies
  5 bullfrog skeletons
  4 iguanas
  34 iron imps
  Jessica (D:2)
  10 worker ants
  29 orc wizards
  3 hell rats
  8 ogre zombies
  2 tengu zombies
  A bullfrog simulacrum (Gauntlet)
  3 ogre skeletons
  A naga skeleton (Geh:5)
  A hound zombie (D:7)
  3 tengu skeletons
  55 mummies
  A worker ant zombie (D:6)
  Robin (D:3)
  7 gnolls
  A howler monkey skeleton (D:9)
  11 adders
  8 river rats
  10 shadow imps
  18 white imps
  4 ufetubi
  4 oozes
  An adder zombie (D:8)
  4 adder skeletons
  A barachi skeleton (Crypt:3)
  A dart slug (D:3)
  7 worms (D:3)
  5 leopard geckos
  129 orcs
  A bat skeleton (Crypt:3)
  5 giant cockroaches
  12 goblins
  5 hobgoblins
  4 jackals (D:11)
  25 kobolds
  2 quokkas
  2 ball pythons (Sewer)
  A ball python skeleton (Crypt:3)
  10 bats
  4 frilled lizards
  A goblin skeleton (D:12)
  2 goblin zombies (D:12)
  6 hobgoblin zombies (D:12)
  A kobold zombie (Tar:1)
  A leopard gecko skeleton (D:8)
  3 orc skeletons (D:12)
  13 orc zombies (D:12)
  A quokka skeleton (D:4)
  A quokka zombie (D:8)
  19 rats
  10 crawling corpses
  A plant (Depths:1)
  5 starspawn tentacles (Abyss:1)
  3 tentacles (Crypt:2)
5643 creatures vanquished.

Vanquished Creatures (collateral kills)
  Ereshkigal (Tar:7)
  Dispater (Dis:7)
  Mnoleg (Pan)
  Mara (Crypt:2)
  A Brimstone Fiend (Dis:7)
  A Tzitzimitl (Tar:7)
  A tentacled monstrosity (Abyss:1)
  2 liches
  An Executioner (Pan)
  A tentacled starspawn (Abyss:1)
  A shadow dragon (Tar:7)
  A fire giant (Geh:7)
  2 balrugs
  A draconian annihilator (Geh:7)
  A very ugly thing (Zig:7)
  3 reapers (Tar:7)
  A yellow draconian (Geh:7)
  A blizzard demon (Pan)
  A kraken zombie (Coc:7)
  A monstrous demonspawn (Pan)
  A hell beast (WizLab)
  A soul eater (Pan)
  2 sun demons
  A storm dragon zombie (Dis:7)
  4 skeletal warriors
  3 shadow wraiths
  A sixfirhy (WizLab)
  2 anaconda zombies (Coc:7)
  A gelid demonspawn (Pan)
  A torturous demonspawn (Pan)
  A wolf spider zombie (Geh:7)
  An ugly thing (Zig:7)
  An iron dragon skeleton (Pan)
  6 rust devils
  A smoke demon (WizLab)
  A demonic crawler (Pan)
  A freezing wraith (Tar:7)
  4 ice devils
  3 tormentors
  3 red devils
  A silent spectre (Tar:7)
  An ice dragon zombie (Dis:7)
  An alligator zombie (Coc:7)
  2 flying skulls (Geh:7)
  A shadow (Tar:7)
  A ynoxinul (Pan)
  3 chaos spawn
  A cane toad zombie (Coc:7)
  2 hell hounds (Dis:7)
  4 large abominations
  A snapping turtle zombie (Coc:7)
  2 iron imps (Dis:7)
  A fire vortex (Pan)
  2 starspawn tentacles (Abyss:1)
  2 tentacles (Coc:7)
88 creatures vanquished.

Vanquished Creatures (others)
  A lich (Pan)
  A quicksilver dragon (Abyss:5)
  An eldritch tentacle (Spider:1)
  A fire giant (Geh:7)
  A draconian knight (Zot:3)
  A draconian shifter (Zig:11)
  A balrug (Geh:7)
  An elemental wellspring (Coc:7)
  A black draconian (Zot:5)
  A white draconian (Zot:1)
  A bunyip (Zig:12)
  A red draconian (Zot:1)
  A green death (Pan)
  2 rakshasas (Pan)
  2 hydras (Zig:12)
  A death yak (Zig:17)
  A merfolk aquamancer (Shoals:2)
  2 thrashing horrors (Abyss:5)
  2 hell knights (Geh:3)
  A goliath frog (Zig:12)
  4 swamp dragons (Zig:12)
  A wizard (Pan)
  An orb spider (Spider:1)
  2 necromancers (Geh:3)
  5 deep elf magi
  3 will-o-the-wisps (Zig:12)
  A komodo dragon (Zig:17)
  A hellwing (Pan)
  A demonic crawler (Spider:1)
  A red devil (Tar:2)
  A queen bee (shapeshifter) (Vaults:5)
  2 jumping spiders
  2 hornets
  2 bloated husks (Zig:12)
  2 redbacks
  9 flying skulls
  A shadow (Tar:2)
  A wraith (Vaults:1)
  2 fire elementals
  2 tarantellas (Spider:1)
  A spriggan (Zig:12)
  A golden eye (Abyss:5)
  2 humans (Elf:1)
  A chaos spawn (Pan)
  An acid dragon (D:14)
  2 hell hounds (Geh:6)
  An orc warrior (Vaults:5)
  2 phantoms (Tar:2)
  2 ogres
  A boggart (Depths:2)
  A black mamba simulacrum (Abyss:5)
  8 wights
  A centaur zombie (Geh:3)
  A quasit (Geh:7)
  A human zombie (Geh:4)
  An orc wizard (Vaults:5)
  An iron imp (Dis:7)
  A hound skeleton (Crypt:1)
  2 shadow imps (Tar:2)
  2 orcs
  A kobold zombie (Geh:4)
  An orc zombie (Dis:5)
  A bush (D:6)
  2 fire vortices (Pan)
  8 foxfires
  27 fungi
  A lurking horror (Abyss:5)
  163 plants
  16 starspawn tentacles
  14 tentacles
335 creatures vanquished.

Grand Total: 6066 creatures vanquished

Notes
Turn   | Place    | Note
-------+----------+-------------------------------------------
     0 | D:1      | dmks the Gargoyle Fighter began the quest for the Orb.
     0 | D:1      | Reached XP level 1. HP: 14/14 MP: 1/1
   193 | D:1      | Reached XP level 2. HP: 19/19 MP: 2/2
   633 | D:2      | Reached XP level 3. HP: 24/24 MP: 3/3
   788 | D:2      | Noticed Jessica
   823 | D:2      | Killed Jessica
   829 | D:2      | Reached XP level 4. HP: 26/29 MP: 4/4
  1116 | D:3      | Found an ornate altar of the Wu Jian Council.
  1209 | D:3      | Noticed Robin
  1268 | D:2      | Reached XP level 5. HP: 32/34 MP: 5/5
  1291 | D:3      | Killed Robin
  1672 | D:3      | Found a glowing drain.
  1681 | Sewer    | Entered a sewer
  2375 | D:3      | Reached skill level 5 in Fighting
  2399 | D:3      | Reached XP level 6. HP: 29/40 MP: 6/6
  2802 | D:3      | Reached skill level 5 in Armour
  3514 | D:3      | HP: 2/40 [ogre/+0 giant club (6)]
  3812 | D:3      | Reached XP level 7. HP: 7/45 MP: 7/7
  4204 | D:4      | Found a glowing golden altar of the Shining One.
  4215 | D:4      | Found a bloodstained altar of Trog.
  4455 | D:5      | Entered Level 5 of the Dungeon
  4510 | D:5      | Noticed Sigmund
  5003 | D:5      | Noticed Pikel
  5052 | D:4      | Killed Pikel
  5053 | D:4      | Reached skill level 5 in Shields
  5053 | D:4      | Reached XP level 8. HP: 27/53 MP: 8/8
  5466 | D:6      | Found a burning altar of Makhleb.
  5758 | D:5      | Upgraded the game from 0.27-a0-59-gfbafd837a3 to
                  | 0.27-a0-67-g4bfc8a49e1
  5902 | D:6      | Found a blossoming altar of Fedhas.
  5959 | D:6      | Noticed Menkaure
  5971 | D:6      | Killed Menkaure
  5989 | D:6      | Reached XP level 9. HP: 52/59 MP: 9/9
  6199 | D:6      | Found a shimmering blue altar of Sif Muna.
  6452 | D:7      | Reached skill level 5 in Maces & Flails
  6464 | D:7      | Found a staircase to the Ecumenical Temple.
  6476 | Temple   | Entered the Ecumenical Temple
  6519 | Temple   | Became a worshipper of Warmaster Okawaru
  7057 | D:7      | Reached * piety under Okawaru
  7397 | D:8      | Found an opulent altar of Gozag.
  7916 | D:8      | Found Zeorchie's Armour Emporium.
  8348 | D:9      | Found Ycsonnet's Demolitions Depot.
  8369 | D:9      | Reached XP level 10. HP: 66/66 MP: 10/10
  8373 | D:9      | Reached ** piety under Okawaru
  8410 | D:10     | Entered Level 10 of the Dungeon
  8410 | D:10     | Noticed Harold
  8432 | D:10     | Killed Harold
  8523 | D:10     | Reached skill level 10 in Fighting
  8530 | D:10     | Noticed Fannar
  8596 | D:9      | Reached skill level 10 in Armour
  9205 | D:9      | Reached *** piety under Okawaru
  9225 | D:9      | Reached skill level 1 in Invocations
  9506 | D:9      | Found a staircase to the Lair.
 11080 | D:10     | Reached XP level 11. HP: 72/73 MP: 12/12
 11268 | D:10     | Found a snail-covered altar of Cheibriados.
 11431 | Lair:1   | Entered Level 1 of the Lair of Beasts
 12068 | Lair:1   | Received a gift from Okawaru
 12100 | Lair:1   | Reached **** piety under Okawaru
 12937 | Lair:1   | Reached ***** piety under Okawaru
 13471 | Lair:2   | Reached XP level 12. HP: 67/81 MP: 15/15
 14109 | Lair:2   | Reached skill level 5 in Invocations
 14115 | Lair:2   | Received a gift from Okawaru
 15388 | Lair:3   | Noticed an eight-headed hydra
 15407 | Lair:3   | Killed an eight-headed hydra
 16142 | Lair:4   | Noticed a catoblepas
 16177 | Lair:4   | Killed a catoblepas
 16345 | Lair:4   | Noticed a death yak
 16350 | Lair:4   | Noticed a death yak
 16352 | Lair:4   | Noticed a death yak
 16385 | Lair:4   | Killed a death yak
 16404 | Lair:4   | Killed a death yak
 16404 | Lair:4   | Received a gift from Okawaru
 16451 | Lair:4   | Killed a death yak
 16452 | Lair:4   | Reached XP level 13. HP: 34/87 MP: 15/17
 16855 | Lair:4   | Reached skill level 10 in Shields
 16866 | Lair:4   | Reached skill level 10 in Maces & Flails
 17555 | Lair:4   | Noticed Sonja
 17557 | Lair:4   | Killed Sonja
 17663 | Lair:4   | Found a hole to the Spider Nest.
 17685 | Lair:4   | Found a staircase to the Shoals.
 18359 | Lair:5   | Found a staircase to the Slime Pits.
 18359 | Lair:5   | Found a viscous altar of Jiyva.
 19497 | Lair:6   | Entered Level 6 of the Lair of Beasts
 20986 | Lair:6   | Received a gift from Okawaru
 21023 | Lair:6   | Gained mutation: Your large and strong wings let you fly
                  | indefinitely. [Gargoyle growth]
 21023 | Lair:6   | Reached XP level 14. HP: 89/94 MP: 19/19
 21489 | Lair:6   | Noticed a dire elephant
 21529 | Lair:6   | Killed a dire elephant
 22678 | D:11     | Noticed Urug
 22703 | D:11     | Killed Urug
 23015 | D:11     | Found Fayqisuz's Weapon Shoppe.
 23185 | D:11     | Noticed Snorg
 23200 | D:11     | Killed Snorg
 23342 | D:11     | Noticed Psyche
 23351 | D:11     | Killed Psyche
 23351 | D:11     | Received a gift from Okawaru
 23455 | D:12     | Found Oross's Gadget Shoppe.
 23515 | D:12     | Found a staircase to the Orcish Mines.
 24412 | Orc:1    | Entered Level 1 of the Orcish Mines
 24490 | Orc:1    | Noticed an orc warlord
 24526 | D:12     | Killed an orc warlord
 24767 | D:12     | Reached skill level 15 in Armour
 25054 | Orc:2    | Entered Level 2 of the Orcish Mines
 25102 | Orc:2    | Found a staircase to the Elven Halls.
 25495 | Orc:2    | Paralysed by an orc sorcerer for 3 turns
 25896 | Orc:2    | Found a roughly hewn altar of Beogh.
 25924 | Orc:2    | Found Avou's Antique Armour Emporium.
 26054 | Orc:2    | Found Nedwaytsi's Armour Boutique.
 26146 | Orc:2    | Noticed an orc warlord
 26224 | Orc:1    | Killed an orc warlord
 26514 | Orc:2    | Reached XP level 15. HP: 88/100 MP: 21/21
 26755 | Orc:2    | Found Vawnityi's Antique Weapon Shop.
 26813 | Orc:2    | Found a roughly hewn altar of Beogh.
 26835 | Orc:2    | Found Sauh Buo's Antique Armour Boutique.
 27074 | Orc:2    | Found a roughly hewn altar of Beogh.
 27102 | Orc:2    | Found a roughly hewn altar of Beogh.
 27104 | Orc:2    | Found Icoafiq's General Store.
 27187 | Orc:2    | Bought a scroll of magic mapping for 59 gold pieces
 27341 | Orc:2    | Found a roughly hewn altar of Beogh.
 27453 | Orc:2    | Bought a bronze plate armour for 812 gold pieces
 27453 | Orc:2    | Bought an ichor-stained cloak for 275 gold pieces
 27463 | Orc:2    | Identified the +6 plate armour "Napu" {rN+} (You bought it
                  | in a shop on level 2 of the Orcish Mines)
 27473 | Orc:2    | Identified the cursed +0 cloak of the Wasteland {rElec
                  | rCorr MP+9} (You bought it in a shop on level 2 of the
                  | Orcish Mines)
 28236 | D:13     | Received a gift from Okawaru
 28933 | D:14     | Noticed Roxanne
 29415 | D:14     | Noticed Louise
 29431 | D:14     | Killed Louise
 29628 | D:14     | Found a gate to the Vaults.
 29882 | D:15     | Entered Level 15 of the Dungeon
 29892 | D:15     | Found a gate leading to a gauntlet.
 29908 | Gauntlet | Entered a Gauntlet
 29908 | Gauntlet | Found a transporter.
 29915 | Gauntlet | Found a transporter.
 29916 | Gauntlet | Found a transporter.
 29933 | Gauntlet | Found a transporter.
 29935 | Gauntlet | Found a transporter.
 29952 | Gauntlet | Found a transporter.
 29958 | Gauntlet | Found a runed translucent door.
 29965 | Gauntlet | Found a transporter.
 29973 | Gauntlet | Found a runed translucent door.
 29975 | Gauntlet | Found a transporter.
 29977 | Gauntlet | Found a runed translucent door.
 29991 | Gauntlet | Found a transporter.
 30008 | Gauntlet | Found a transporter.
 30019 | Gauntlet | Found a runed translucent door.
 30020 | Gauntlet | Found a transporter.
 30023 | Gauntlet | Found a runed translucent door.
 30025 | Gauntlet | Found a transporter.
 30246 | Gauntlet | Found a transporter.
 30323 | Gauntlet | Found a transporter.
 30488 | Gauntlet | Paralysed by a floating eye for 2 turns
 30663 | Gauntlet | Got a steaming lead ring
 30664 | Gauntlet | Identified the ring "Qetiah Niwa" {*Contam rC+ rN+ rCorr}
                  | (You found it in a Gauntlet)
 30744 | Gauntlet | Identified the +11 bardiche "Buvorurch" {vorpal, Int+2}
 30744 | Gauntlet | Identified the amulet "Ateshraaqi" {Reflect *Contam rF+
                  | Str+5 SH+5}
 31205 | D:15     | Found a shadowy altar of Dithmenos.
 31325 | D:15     | Noticed Josephine
 31355 | D:15     | Killed Josephine
 31681 | D:15     | Received a gift from Okawaru
 31848 | D:15     | Reached XP level 16. HP: 107/107 MP: 22/22
 31875 | D:15     | Found a staircase to the Depths.
 32303 | Shoals:1 | Entered Level 1 of the Shoals
 34098 | Shoals:2 | Found a frozen archway.
 34110 | IceCv    | Entered an ice cave
 34147 | IceCv    | Received a gift from Okawaru
 34148 | IceCv    | Reached skill level 15 in Fighting
 34620 | IceCv    | Noticed an Ice Fiend
 34631 | IceCv    | Killed an Ice Fiend
 34632 | IceCv    | Reached skill level 15 in Maces & Flails
 34824 | IceCv    | Got a jewelled shortbow
 35340 | Shoals:2 | Got an ichor-stained glaive
 35635 | Shoals:2 | Received a gift from Okawaru
 35642 | Shoals:2 | Got a twisted demon whip {god gift}
 35643 | Shoals:2 | Identified the +7 demon whip of Yveexae {vamp, +Inv}
                  | (Okawaru gifted it to you on level 2 of the Shoals)
 36111 | Shoals:3 | Reached XP level 17. HP: 113/113 MP: 23/23
 36461 | Shoals:3 | Noticed Polyphemus
 36500 | Shoals:3 | Killed Polyphemus
 36527 | Shoals:3 | Reached ****** piety under Okawaru
 36897 | Shoals:4 | Entered Level 4 of the Shoals
 36920 | Shoals:3 | Received a gift from Okawaru
 36921 | Shoals:3 | Got a glimmering demon whip {god gift}
 36924 | Shoals:3 | Identified the +11 demon whip "Beastbane" {vamp, Str+7
                  | Stlth+} (Okawaru gifted it to you on level 3 of the Shoals)
 37015 | Shoals:4 | Identified the +10 glaive "Keaqucw" {speed, *Slow rElec
                  | Int+4} (You found it on level 2 of the Shoals)
 37016 | Shoals:4 | Identified the +5 shortbow "Icofo" {speed, Dex+4} (You
                  | found it in an ice cave)
 37980 | Shoals:4 | Received a gift from Okawaru
 38246 | Shoals:4 | Got a barnacled rune of Zot
 38335 | Shoals:4 | Identified the +0 ring mail of Iblif {+Blink rPois}
 38482 | Shoals:4 | Identified the Tome of Orientation and Weightlessness
 38550 | Shoals:4 | Got a slimy dagger
 38551 | Shoals:4 | Identified the +10 dagger "Zoeloweg" {vorpal, Fragile +Rage
                  | rN+++ Will-} (You found it on level 4 of the Shoals)
 38939 | Spider:1 | Entered Level 1 of the Spider Nest
 39164 | Spider:1 | Found a transporter.
 39351 | Spider:1 | Found a transporter.
 39735 | Spider:2 | Reached XP level 18. HP: 120/120 MP: 24/24
 41066 | Spider:3 | Noticed Arachne
 41103 | Spider:3 | Killed Arachne
 41103 | Spider:3 | Received a gift from Okawaru
 41104 | Spider:3 | Reached skill level 15 in Shields
 41128 | Spider:3 | Got a coiled ivory ring
 41130 | Spider:3 | Identified the ring of Autumn {MP+9 Int-3 Dex+8 SInv} (You
                  | found it on level 3 of the Spider Nest)
 41272 | Spider:3 | Got a faintly glowing robe
 41593 | Spider:4 | Entered Level 4 of the Spider Nest
 42679 | Spider:4 | Received a gift from Okawaru
 42992 | Spider:4 | Reached XP level 19. HP: 125/128 MP: 3/25
 43475 | Spider:4 | Identified a scroll of acquirement
 43477 | Spider:4 | Acquired a +1 crystal plate armour
 43766 | Spider:4 | Got a gossamer rune of Zot
 44102 | Spider:1 | Gained mutation: You are frail. (-10% HP) [mutagenic glow]
 44117 | Spider:1 | Gained mutation: You are clumsy. (Dex -2) [mutagenic glow]
 44442 | Spider:1 | Got a slimy lead ring
 44455 | Spider:1 | Identified the ring "Tydduqir" {Will+ Int+2} (You found it
                  | on level 1 of the Spider Nest)
 44461 | Spider:1 | Got a scorched lapis lazuli ring
 44463 | Spider:1 | Identified the ring "Lotuasm" {Ice +Blink rElec rPois
                  | Dex-2} (You found it on level 1 of the Spider Nest)
 44989 | D:5      | Killed Sigmund
 45055 | D:8      | Killed Fannar
 45179 | D:14     | Killed Roxanne
 45239 | Vaults:1 | Entered Level 1 of the Vaults
 45866 | Vaults:1 | Noticed Asterion
 45883 | Vaults:1 | Killed Asterion
 45995 | Vaults:1 | Received a gift from Okawaru
 46975 | Vaults:1 | Noticed an Ice Fiend
 47005 | Vaults:1 | Received a gift from Okawaru
 47134 | Vaults:2 | Reached XP level 20. HP: 122/122 MP: 26/26
 47288 | Vaults:2 | Paralysed by a sphinx for 6 turns
 47409 | Vaults:2 | Found a staircase to the Crypt.
 47815 | Vaults:2 | Found Jurghu's Jewellery Shoppe.
 48634 | Vaults:2 | Identified the +3 spear of Piliez {venom, *Noise rPois rN+
                  | Dex+3}
 50106 | Vaults:3 | Received a gift from Okawaru
 50210 | Vaults:3 | Reached XP level 21. HP: 128/128 MP: 27/27
 50289 | Vaults:3 | Identified the +1 leather armour "Wubrol" {Rampage rCorr}
                  | (You found it on level 3 of the Vaults)
 50696 | Vaults:3 | Noticed Jory
 50711 | Vaults:3 | Killed Jory
 51560 | Vaults:4 | Received a gift from Okawaru
 52526 | Vaults:4 | Reached XP level 22. HP: 135/135 MP: 28/28
 52716 | Vaults:4 | Upgraded the game from 0.27-a0-67-g4bfc8a49e1 to
                  | 0.27-a0-72-g3544c24705
 52913 | Elf:1    | Entered Level 1 of the Elven Halls
 53266 | Elf:1    | Noticed Kirke
 53502 | Elf:1    | Killed Kirke
 53659 | Elf:1    | Noticed Donald
 53813 | Elf:1    | Killed Donald
 53853 | Elf:1    | Noticed Azrael
 53874 | Elf:1    | Killed Azrael
 54109 | Elf:1    | Received a gift from Okawaru
 54166 | Elf:1    | Found Weob's Armour Shoppe.
 55398 | Elf:2    | Found a huge runed translucent gate.
 55398 | Elf:2    | Found a huge runed translucent gate.
 55398 | Elf:2    | Found a huge runed translucent gate.
 55398 | Elf:2    | Found a huge runed translucent gate.
 55398 | Elf:2    | Found a huge runed translucent gate.
 55877 | Elf:3    | Entered Level 3 of the Elven Halls
 56012 | Elf:3    | Received a gift from Okawaru
 56046 | Elf:3    | Identified the +4 plate armour of Supple Strength {rElec}
                  | (Okawaru gifted it to you on level 3 of the Elven Halls)
 56099 | Elf:3    | Reached XP level 23. HP: 142/142 MP: 29/29
 56638 | Elf:3    | Identified the +7 falchion "Aubergine" {vorpal, *Rage
                  | +Blink rN+ Int+4}
 56715 | Elf:3    | Identified the +8 quarterstaff "Gaiciegg" {elec, rF+}
 56760 | Elf:3    | Identified the +4 ring mail of Qazlal's Grace {rPois rF+
                  | Int+3}
 56998 | Elf:3    | Identified the +0 robe of Xom's Whim {MP+9}
 57136 | Elf:3    | Identified the +4 hand axe of Demonkind {vorpal, Str+4
                  | SInv}
 57452 | Elf:3    | Found the +1 cloak of Starlight {*Dazzle EV+4 Stlth--}
 57456 | Elf:3    | Identified The Last Handbook of the Archmage
 57474 | Elf:3    | Got a fine helmet
 57485 | Elf:3    | Identified the cursed +0 helmet of Privacy {rElec rC+} (You
                  | found it on level 3 of the Elven Halls)
 57487 | Elf:3    | Identified the Grimoire of Shifting Feathers
 57507 | Elf:3    | Got a slimy morningstar
 57508 | Elf:3    | Identified the +1 morningstar "Ulladoeg" {protect, rF+}
                  | (You found it on level 3 of the Elven Halls)
 57993 | Depths:1 | Entered Level 1 of the Depths
 58125 | Depths:1 | Found a one-way gate leading to the halls of Pandemonium.
 58170 | Depths:1 | Received a gift from Okawaru
 58171 | Depths:1 | Got a polished mace {god gift}
 58205 | Depths:1 | Identified the +10 mace of Xaquosuf {drain, rN+ Int+8 Dex-2
                  | Stlth+} (Okawaru gifted it to you on level 1 of the Depths)
 58840 | Depths:1 | Found a gateway to Hell.
 59137 | Depths:1 | Received a gift from Okawaru
 59183 | Depths:1 | Identified the +1 lajatang of Nuplul {freeze, rN+ Str+3
                  | Dex+2} (Okawaru gifted it to you on level 1 of the Depths)
 59299 | Depths:1 | Found a runed translucent gate.
 59299 | Depths:1 | Found a runed translucent gate.
 59299 | Depths:1 | Found a runed translucent gate.
 59521 | Depths:2 | Paralysed by a floating eye for 4 turns
 60007 | Depths:2 | Received a gift from Okawaru
 60162 | Depths:2 | Reached XP level 24. HP: 149/149 MP: 29/29
 60481 | Depths:2 | Received a gift from Okawaru
 60522 | Depths:2 | Noticed a caustic shrike
 60522 | Depths:2 | Noticed a caustic shrike
 60522 | Depths:2 | Noticed a caustic shrike
 60562 | Depths:2 | Identified the +9 mace of the Present {vorpal, Str+4}
 60648 | Depths:2 | Noticed a caustic shrike
 60676 | Depths:2 | Killed a caustic shrike
 60690 | Depths:2 | Killed a caustic shrike
 60744 | Depths:2 | Killed a caustic shrike
 60755 | Depths:2 | Killed a caustic shrike
 60781 | Depths:2 | Received a gift from Okawaru
 61557 | Depths:3 | Found Selit's Changing Room.
 61835 | Depths:3 | Found a gateway to a ziggurat.
 62233 | Depths:3 | Identified the ring "Ratiat" {AC+4 Str+2 Int+4}
 62288 | Depths:3 | Got a clouded steel amulet
 62291 | Depths:3 | Got a sparkling golden ring
 62292 | Depths:3 | Identified the amulet "Huodiofumm" {Reflect rN+ Dex+4 SH+5}
                  | (You found it on level 3 of the Depths)
 62293 | Depths:3 | Identified the ring of Mirth {*Drain rN+ MP+9 Dex+4} (You
                  | found it on level 3 of the Depths)
 62323 | Depths:3 | Reached XP level 25. HP: 154/154 MP: 29/29
 62334 | Depths:3 | Got a scorched steel ring
 62371 | Depths:3 | Identified the ring of Qichu {rPois Stlth+} (You found it
                  | on level 3 of the Depths)
 63351 | Depths:4 | Noticed Saint Roka
 63666 | Depths:3 | Received a gift from Okawaru
 63988 | Depths:4 | Killed Saint Roka
 64213 | Depths:4 | Found a one-way gate to the infinite horrors of the Abyss.
 64668 | Depths:5 | Entered Level 5 of the Depths
 65541 | Depths:5 | Found a gate to the Realm of Zot.
 66712 | Slime:1  | Entered Level 1 of the Pits of Slime
 66997 | Slime:2  | Received a gift from Okawaru
 66998 | Slime:2  | Got a shimmering plate armour {god gift}
 67070 | Slime:2  | Identified the +0 plate armour of the Will of the Gods
                  | {Int+3} (Okawaru gifted it to you on level 2 of the Pits of
                  | Slime)
 67153 | Slime:2  | Gained mutation: You are very clumsy. (Dex -4) [a shining
                  | eye]
 67156 | Slime:2  | Lost mutation: You are frail. (-10% HP) [a shining eye]
 67373 | Slime:3  | Reached skill level 10 in Invocations
 67407 | Slime:4  | Gained mutation: You are frail. (-10% HP) [a shining eye]
 67408 | Slime:5  | Entered Level 5 of the Pits of Slime
 67469 | Slime:5  | Reached XP level 26. HP: 161/162 MP: 29/30
 67490 | Slime:5  | Noticed the Royal Jelly
 67506 | Slime:4  | Gained mutation: You possess an exceptional clarity of
                  | mind. [a shining eye]
 67782 | Slime:5  | Killed the Royal Jelly
 68525 | Slime:4  | Gained mutation: Your flesh is heat resistant. (rF+) [a
                  | shining eye]
 68608 | Slime:4  | Gained mutation: You occasionally shout uncontrollably at
                  | your foes. [a shining eye]
 68821 | Slime:5  | Received a gift from Okawaru
 68891 | Slime:5  | Got a slimy rune of Zot
 68920 | Slime:5  | Identified the cursed ring "Icwuczao" {+Blink rC+ Will+
                  | Str-4} (You found it on level 5 of the Pits of Slime)
 68959 | Slime:5  | Identified Vivaz's Handbook of Dust
 68972 | Slime:5  | Identified the Handbook of the Frostbite and Changing
 70354 | Vaults:5 | Entered Level 5 of the Vaults
 70585 | Vaults:5 | Received a gift from Okawaru
 70586 | Vaults:5 | Got a pair of smoking gloves {god gift}
 70848 | Vaults:5 | Found Dofany's Antique Weapon Shoppe.
 71368 | Vaults:5 | Reached XP level 27. HP: 169/169 MP: 32/32
 71423 | Vaults:5 | Noticed an ancient lich
 71444 | Vaults:5 | Killed an ancient lich
 71603 | Vaults:5 | Received a gift from Okawaru
 71707 | Vaults:5 | Identified the +0 pair of gloves "Keqygif" {*Slow rF- Int+6
                  | SInv} (Okawaru gifted it to you on level 5 of the Vaults)
 71721 | Vaults:5 | Got an ichor-stained tower shield {god gift}
 71735 | Vaults:5 | Identified the +1 tower shield of Risuiw {rF+} (Okawaru
                  | gifted it to you on level 5 of the Vaults)
 71792 | Vaults:5 | Got a silver rune of Zot
 72526 | Elf:2    | Cast into level 5 of the Abyss (unwielding a weapon of
                  | distortion)
 72526 | Abyss:5  | Entered Level 5 of the Abyss
 72711 | Abyss:5  | Noticed an ancient lich
 72725 | Abyss:5  | Paralysed by accursed screaming for 1 turns
 72730 | Abyss:5  | Killed an ancient lich
 72753 | Abyss:5  | Gained mutation: You are weak. (Str -2) [a shining eye]
 72755 | Abyss:5  | Paralysed by accursed screaming for 1 turns
 72756 | Abyss:5  | Gained mutation: You are very weak. (Str -4) [a shining
                  | eye]
 72759 | Abyss:5  | Found a corrupted altar of Lugonu.
 73028 | Abyss:5  | Gained mutation: You sometimes yell uncontrollably at your
                  | foes. [a neqoxec]
 73031 | Abyss:5  | Lost mutation: You possess an exceptional clarity of mind.
                  | [a neqoxec]
 73033 | Elf:2    | Escaped the Abyss
 73346 | Elf:2    | Cast into level 5 of the Abyss (unwielding a weapon of
                  | distortion)
 73346 | Abyss:5  | Entered Level 5 of the Abyss
 73383 | Abyss:5  | Found a transporter.
 73482 | Abyss:5  | Found a transporter.
 73564 | Abyss:5  | Got an abyssal rune of Zot
 73575 | Abyss:5  | Found a transporter.
 73711 | Elf:2    | Escaped the Abyss
 74082 | D:4      | Fell from the grace of Okawaru
 74082 | D:4      | Became a worshipper of the Shining One
 74525 | Crypt:1  | Entered Level 1 of the Crypt
 74585 | Vaults:2 | Reached * piety under the Shining One
 75206 | Crypt:1  | Reached ** piety under the Shining One
 75387 | Crypt:1  | Reached skill level 15 in Invocations
 75419 | Crypt:1  | Reached *** piety under the Shining One
 75542 | Crypt:1  | Reached **** piety under the Shining One
 75824 | Crypt:1  | You fall into a shaft and drop 1 floor!
 76176 | Crypt:2  | Got a pitted plate armour
 76187 | Crypt:2  | Identified the cursed +0 plate armour of Sandy Beauty {Harm
                  | Regen+ Dex-4 Slay+6} (You found it on level 2 of the Crypt)
 76294 | Crypt:2  | Reached ***** piety under the Shining One
 76718 | Crypt:3  | Entered Level 3 of the Crypt
 76718 | Crypt:3  | Found a staircase to the Tomb.
 76730 | Crypt:3  | Found a magical portal.
 76739 | WizLab   | Entered The Hall of the Hellbinder
 76791 | WizLab   | Reached ****** piety under the Shining One
 77056 | WizLab   | Identified a +9 eveningstar of holy wrath (a +9 eveningstar
                  | of flaming blessed by the Shining One)
 77056 | WizLab   | Received a gift from the Shining One
 77109 | WizLab   | Found a burning altar of Makhleb.
 77212 | WizLab   | Identified Asmodeus's Disquisition on the Entourage
 77217 | WizLab   | Identified the ring "Qoaty" {rElec rC+ Str+4 Stlth-} (You
                  | found it in a wizard's laboratory)
 77221 | WizLab   | Identified the amulet "Xusudgh" {Reflect rC- rN+ Str+4
                  | Dex+4 SH+5} (You found it in a wizard's laboratory)
 77886 | Crypt:3  | Noticed Mara
 77995 | Crypt:3  | Noticed dmks's illusion
 78104 | Crypt:2  | Killed Mara
 78552 | Crypt:3  | Found the +8 demon blade "Leech" {vamp, *Rage +Rage rN+}
 78937 | Crypt:3  | Noticed an ancient lich
 78937 | Crypt:3  | Noticed an ancient lich
 78983 | Crypt:3  | Killed an ancient lich
 78987 | Crypt:3  | Killed an ancient lich
 79299 | Crypt:3  | Identified the Grimoire of Intoxication
 79968 | Hell     | Entered the Vestibule of Hell
 79968 | Hell     | Noticed Geryon
 80017 | Hell     | Killed Geryon
 80988 | Hell     | Found a gateway to the Iron City of Dis.
 81232 | Hell     | Found a gateway to the decaying netherworld of Tartarus.
 81384 | Hell     | Found a gateway to the freezing wastes of Cocytus.
 81492 | Hell     | Found a gateway to the ashen valley of Gehenna.
 81921 | Geh:1    | Entered Level 1 of Gehenna
 82479 | Geh:2    | You fall into a shaft and drop 1 floor!
 82936 | Geh:3    | Reached skill level 1 in Throwing
 84828 | Geh:6    | Reached skill level 5 in Throwing
 84859 | Geh:6    | Reached skill level 27 in Shields
 84983 | Geh:7    | Entered Level 7 of Gehenna
 85312 | Geh:7    | Was forgiven by Okawaru
 85843 | Geh:7    | Cast into level 1 of the Abyss (wight)
 85920 | Geh:7    | Escaped the Abyss
 86336 | Geh:7    | Identified the +5 quarterstaff of the Dancing Traitor
                  | {vorpal, rPois rF+ Dex-5 SInv}
 86336 | Geh:7    | Identified the ring "Jupseise" {EV+4 Stlth+}
 86466 | Geh:7    | Identified the +7 sceptre of Asmodeus
 86466 | Geh:7    | Noticed Asmodeus
 86489 | Geh:7    | Killed Asmodeus
 86505 | Geh:7    | Got an obsidian rune of Zot
 88264 | Coc:1    | Entered Level 1 of Cocytus
 89337 | Coc:7    | Entered Level 7 of Cocytus
 89601 | Hell     | Reached skill level 10 in Throwing
 90168 | Coc:7    | Identified the +4 tower shield of Disappointment {Dex+3
                  | SInv}
 90332 | Coc:7    | Reached skill level 27 in Armour
 90661 | Coc:7    | Got a pair of brightly glowing boots
 90698 | Coc:7    | Identified the cursed +0 pair of boots of Submission {+Inv
                  | rElec rN+ Dex-3} (You found it on level 7 of Cocytus)
 90846 | Coc:7    | Got a crystal mace
 90849 | Coc:7    | Identified the +7 mace "Lapnunag" {protect, SInv} (You
                  | found it on level 7 of Cocytus)
 90860 | Coc:7    | Got a heavily runed ring mail
 90949 | Coc:7    | Noticed Antaeus
 90971 | Coc:7    | Killed Antaeus
 91001 | Coc:7    | Got an icy rune of Zot
 91421 | Tar:1    | Entered Level 1 of Tartarus
 91747 | Tar:1    | Reached skill level 27 in Fighting
 93982 | Tar:7    | Entered Level 7 of Tartarus
 94093 | Tar:7    | Got a twisted plate armour
 94105 | Tar:7    | Identified the +5 plate armour of Responsibility {+Fly
                  | rElec Will- rCorr} (You found it on level 7 of Tartarus)
 94262 | Tar:7    | Reached skill level 15 in Throwing
 94783 | Tar:7    | Identified the ring "Xynejiga" {rPois Stlth+} (You found it
                  | on level 7 of Tartarus)
 94975 | Tar:7    | Noticed Ereshkigal
 95002 | Tar:7    | Killed Ereshkigal
 95064 | Tar:7    | Got a bone rune of Zot
 95172 | Tar:7    | Got a polished rapier
 95433 | Tar:7    | Got a pair of slimy gloves
 95456 | Tar:7    | Identified the cursed -3 pair of gloves of Thoughtfulness
                  | {Str+6} (You found it on level 7 of Tartarus)
 95816 | Dis:1    | Entered Level 1 of the Iron City of Dis
 97097 | Dis:7    | Entered Level 7 of the Iron City of Dis
 97586 | Dis:7    | Got a scintillating jade amulet
 97596 | Dis:7    | Got an ancient dagger
 98385 | Dis:7    | Identified the +3 scimitar of Seedduf {vorpal, rC+ Dex+3
                  | Stlth+}
 98397 | Dis:7    | Gained mutation: Your magical capacity is low. (-10% MP) [a
                  | cacodemon]
 98428 | Dis:7    | Identified the +4 staff of Dispater
 98428 | Dis:7    | Noticed Dispater
 98465 | Dis:7    | Killed Dispater
 98507 | Dis:7    | Identified the Volume of Hurtful Cold
 98513 | Dis:7    | Got an iron rune of Zot
 99213 | Zot:1    | Entered Level 1 of the Realm of Zot
 99385 | Zot:1    | Identified the amulet "Ogedyet" {Reflect *Slow Dex+5 Slay+6
                  | SH+5} (You found it on level 7 of the Iron City of Dis)
 99386 | Zot:1    | Upgraded the game from 0.27-a0-72-g3544c24705 to
                  | 0.27-a0-74-gebd156f8b4
 99409 | Zot:1    | Got a bone battleaxe
100434 | Zot:1    | Upgraded the game from 0.27-a0-74-gebd156f8b4 to
                  | 0.27-a0-77-gd04b7445b5
101498 | Zot:3    | Noticed an ancient lich
101519 | Zot:3    | Identified the +4 dragonskin cloak
101519 | Zot:3    | Noticed Tiamat
102123 | Zot:3    | Reached skill level 27 in Maces & Flails
102551 | Zot:3    | Killed Tiamat
102872 | Zot:3    | Reached skill level 1 in Spellcasting
103152 | Zot:3    | Got a scorched ring mail
103261 | Zot:3    | Killed an ancient lich
104032 | Zot:4    | Reached skill level 5 in Spellcasting
104170 | Zot:4    | Noticed an orb of fire
104426 | Zot:3    | Killed an orb of fire
105299 | Zot:5    | Entered Level 5 of the Realm of Zot
105326 | Zot:5    | Reached skill level 1 in Evocations
106062 | Zot:5    | Noticed an ancient lich
106077 | Zot:5    | Killed an ancient lich
106165 | Zot:5    | Noticed an orb of fire
106167 | Zot:5    | Lost mutation: Your magical capacity is low. (-10% MP) [an
                  | orb of fire]
106178 | Zot:5    | Killed an orb of fire
106404 | Zot:5    | Reached skill level 5 in Evocations
106658 | Zot:5    | Noticed an orb of fire
106664 | Zot:5    | Killed an orb of fire
106736 | Zot:5    | Noticed an ancient lich
106747 | Zot:5    | Killed an ancient lich
106760 | Zot:5    | Gained mutation: Your body sometimes deteriorates upon
                  | taking damage. [mutagenic glow]
106778 | Zot:5    | Gained mutation: Scrolls take you a little longer to read.
                  | [mutagenic glow]
106798 | Zot:5    | Gained mutation: You are dopey. (Int -2) [mutagenic glow]
107358 | Zot:5    | Noticed an orb of fire
107365 | Zot:5    | Killed an orb of fire
107377 | Zot:5    | Noticed an orb of fire
107609 | Zot:5    | Noticed an orb of fire
107609 | Zot:5    | Gained mutation: Your magical capacity is low. (-10% MP)
                  | [an orb of fire]
107631 | Zot:5    | Gained mutation: You are very frail. (-20% HP) [an orb of
                  | fire]
107645 | Zot:5    | Gained mutation: Potions are less effective at restoring
                  | your health. [an orb of fire]
107649 | Zot:5    | Gained mutation: You are very dopey. (Int -4) [an orb of
                  | fire]
107650 | Zot:5    | Killed an orb of fire
107775 | Zot:5    | Noticed an ancient lich
107780 | Zot:5    | Killed an ancient lich
107931 | Zot:5    | Noticed a juggernaut
107931 | Zot:5    | a Killer Klown changed into a juggernaut
107935 | Zot:5    | Killed a juggernaut
108111 | Zot:5    | Gained mutation: Your magical capacity is very low. (-20%
                  | MP) [an orb of fire]
108112 | Zot:5    | Killed an orb of fire
108139 | Zot:5    | Paralysed by a fenstrider witch for 5 turns
108255 | Zot:5    | Noticed an ancient lich
108262 | Zot:5    | Killed an ancient lich
108620 | Depths:3 | Bought a potion of mutation for 136 gold pieces
108624 | Depths:3 | Lost mutation: Your body sometimes deteriorates upon taking
                  | damage. [potion of mutation]
108624 | Depths:3 | Lost mutation: Your magical capacity is very low. (-20% MP)
                  | [potion of mutation]
108624 | Depths:3 | Lost mutation: You are very clumsy. (Dex -4) [potion of
                  | mutation]
108624 | Depths:3 | Lost mutation: You are very dopey. (Int -4) [potion of
                  | mutation]
108624 | Depths:3 | Lost mutation: You are dopey. (Int -2) [potion of mutation]
108624 | Depths:3 | Gained mutation: Your mind is acute. (Int +2) [potion of
                  | mutation]
108625 | Depths:3 | Lost mutation: Scrolls take you a little longer to read.
                  | [potion of mutation]
108625 | Depths:3 | Lost mutation: You are clumsy. (Dex -2) [potion of
                  | mutation]
108625 | Depths:3 | Lost mutation: Your magical capacity is low. (-10% MP)
                  | [potion of mutation]
108625 | Depths:3 | Gained mutation: Your mind is very acute. (Int +4) [potion
                  | of mutation]
108625 | Depths:3 | Gained mutation: You are somewhat resistant to further
                  | mutation. [potion of mutation]
108626 | Depths:3 | Lost mutation: You are somewhat resistant to further
                  | mutation. [potion of mutation]
108626 | Depths:3 | Lost mutation: Your mind is very acute. (Int +4) [potion of
                  | mutation]
108626 | Depths:3 | Lost mutation: Your flesh is heat resistant. (rF+) [potion
                  | of mutation]
108626 | Depths:3 | Lost mutation: Potions are less effective at restoring your
                  | health. [potion of mutation]
108626 | Depths:3 | Lost mutation: You are very frail. (-20% HP) [potion of
                  | mutation]
108626 | Depths:3 | Gained mutation: You are clumsy. (Dex -2) [potion of
                  | mutation]
108626 | Depths:3 | Gained mutation: Your movements are slightly less
                  | encumbered by armour. (ER -2) [potion of mutation]
108835 | Coc:1    | Reached skill level 10 in Evocations
109336 | Hell     | Upgraded the game from 0.27-a0-77-gd04b7445b5 to
                  | 0.27-a0-79-gcaaa221d37
109590 | Orc:2    | Bought a glowing helmet for 217 gold pieces
109590 | Orc:2    | Bought a pair of embroidered gloves for 217 gold pieces
109759 | Orc:2    | Bought a scroll of fog for 34 gold pieces
109759 | Orc:2    | Bought a scroll of blinking for 127 gold pieces
110017 | Zig:1    | Entered Level 1 of a ziggurat
110033 | Zig:2    | Entered Level 2 of a ziggurat
110033 | Zig:2    | Found the +9 scales of the Dragon King {rPois rF+ rC+
                  | Will+}
110065 | Zig:3    | Entered Level 3 of a ziggurat
110089 | Zig:3    | Got a polished leather armour
110098 | Zig:4    | Entered Level 4 of a ziggurat
110151 | Zig:4    | Got a glimmering battleaxe
110153 | Zig:4    | Identified the +11 battleaxe of Liduos {freeze, rElec} (You
                  | found it on level 4 of a ziggurat)
110161 | Zig:5    | Entered Level 5 of a ziggurat
110195 | Zig:5    | Identified Poadgha's Catalogue of Supportive Transmutation
110213 | Zig:6    | Entered Level 6 of a ziggurat
110258 | Zig:6    | Got a crystal war axe
110270 | Zig:6    | Identified the cursed +1 war axe of Tartarus {antimagic,
                  | Str+6 Int+2 SInv} (You found it on level 6 of a ziggurat)
110280 | Zig:6    | Got a polished spear
110288 | Zig:6    | Identified the cursed +0 spear "Fihumufo" {vorpal, +Blink
                  | rElec Stlth-} (You found it on level 6 of a ziggurat)
110379 | Zig:7    | Entered Level 7 of a ziggurat
110381 | Zig:7    | Noticed Eshog the pandemonium lord
110389 | Zig:7    | Killed Eshog the pandemonium lord
110454 | Zig:7    | Identified Lemm's Grimoire of the Arsonist and Evil
110466 | Zig:8    | Entered Level 8 of a ziggurat
110632 | Zig:9    | Entered Level 9 of a ziggurat
110742 | Zig:9    | Got a smoking helmet
110759 | Zig:9    | Identified the +2 helmet "Rusuit" {rPois Regen+ Int+3} (You
                  | found it on level 9 of a ziggurat)
110835 | Zig:10   | Entered Level 10 of a ziggurat
110927 | Zig:11   | Entered Level 11 of a ziggurat
111231 | Zig:12   | Entered Level 12 of a ziggurat
111295 | Zig:12   | Found the +8 orange crystal plate armour {Archmagi, Int+3
                  | Clar}
111402 | Zig:13   | Entered Level 13 of a ziggurat
111543 | Zig:13   | Identified the Compendium of Creative Moulding
111547 | Zig:13   | Identified Qanear's Catalogue of Calling
111607 | Zig:14   | Entered Level 14 of a ziggurat
111649 | Zig:14   | Reached skill level 27 in Invocations
111660 | Zig:14   | Paralysed by a sphinx for 2 turns
111750 | Zig:14   | Found the +3 warlock's mirror {reflect}
111751 | Zig:14   | Found the +8 whip "Snakebite" {curare, rPois}
111850 | Zig:14   | Identified the Compendium of Poisoning and the Glacier
111876 | Zig:14   | Identified the +8 morningstar of the Chain {holy, rPois
                  | Will++} (You found it on level 14 of a ziggurat)
111938 | Zig:15   | Entered Level 15 of a ziggurat
111969 | Zig:15   | Noticed Bitois the pandemonium lord
111974 | Zig:15   | Killed Bitois the pandemonium lord
111989 | Zig:15   | Identified the Almanac of Shifting Darkness
111995 | Zig:15   | Identified the cursed +0 crystal plate armour of Gozag's
                  | Condemnation {rElec} (You found it on level 15 of a
                  | ziggurat)
112113 | Zig:15   | Learned a level 2 spell: Swiftness
112129 | Zig:16   | Entered Level 16 of a ziggurat
112183 | Zig:16   | Gained mutation: Your body sometimes deteriorates upon
                  | taking damage. [a neqoxec]
112402 | Zig:16   | Got a crude trident
112412 | Zig:17   | Entered Level 17 of a ziggurat
112545 | Zig:17   | Reached skill level 15 in Evocations
112630 | Zig:17   | Identified Sif Muna's Incunabulum of Sinister Execration
112636 | Zig:17   | Identified the Disquisition on Torrid Transmigration
112643 | Zig:17   | Identified the amulet "Cinuddozxe" {Acrobat rElec} (You
                  | found it on level 17 of a ziggurat)
112653 | Zig:17   | Got a masterwork scale mail
112684 | Zig:17   | Got a wavering gossamer ring
112690 | Zig:17   | Identified the ring "Arodu" {rC+ MP+9} (You found it on
                  | level 17 of a ziggurat)
113234 | Pan      | Entered Pandemonium
113302 | Pan      | Gained mutation: You are very frail. (-20% HP) [a
                  | cacodemon]
113371 | Pan      | Found a huge runed translucent gate.
113372 | Pan      | Found a huge runed translucent gate.
113373 | Pan      | Found a huge runed translucent gate.
113373 | Pan      | Found a huge runed translucent gate.
113374 | Pan      | Found a huge runed translucent gate.
113374 | Pan      | Found a huge runed translucent gate.
113375 | Pan      | Found a huge runed translucent gate.
113375 | Pan      | Found a huge runed translucent gate.
113375 | Pan      | Found a huge runed translucent gate.
113375 | Pan      | Found a huge runed translucent gate.
113376 | Pan      | Found a huge runed translucent gate.
113376 | Pan      | Found a huge runed translucent gate.
113377 | Pan      | Found a huge runed translucent gate.
113377 | Pan      | Found a huge runed translucent gate.
113377 | Pan      | Found a huge runed translucent gate.
113377 | Pan      | Found a huge runed translucent gate.
113640 | Pan      | Entered the realm of Cerebov.
114027 | Pan      | Reached skill level 5 in Dodging
114110 | Pan      | Got a transparent ring mail
114166 | Pan      | Got a shimmering turquoise ring
114170 | Pan      | Got a warped hunting sling
114192 | Pan      | Identified the +3 hunting sling of Indomitability {flame,
                  | MP+9 Str+5} (You found it in Pandemonium)
114201 | Pan      | Identified the ring "Emoeddosiu" {rElec rPois rC+ Dex+7
                  | Stlth-} (You found it in Pandemonium)
114266 | Pan      | Identified the +6 sword of Cerebov {flame}
114266 | Pan      | Noticed Cerebov
114319 | Pan      | Killed Cerebov
114344 | Pan      | Got a fiery rune of Zot
114380 | Pan      | Identified the Compendium of Evil Beguiling
115417 | Pan      | Entered the realm of Lom Lobon.
115417 | Pan      | Noticed Lom Lobon
115435 | Pan      | Killed Lom Lobon
115463 | Pan      | Got a magical rune of Zot
115861 | Pan      | Noticed Mennas
115902 | Pan      | Killed Mennas
116727 | Pan      | Entered the realm of Mnoleg.
116745 | Pan      | Gained mutation: You are very clumsy. (Dex -4) [a neqoxec]
116763 | Pan      | Lost mutation: You are very weak. (Str -4) [a cacodemon]
116815 | Pan      | Gained mutation: You are extremely frail. (-30% HP) [a
                  | neqoxec]
116818 | Pan      | Gained mutation: You do not regenerate when monsters are
                  | visible. [a cacodemon]
116821 | Pan      | Gained mutation: Your magical capacity is low. (-10% MP) [a
                  | cacodemon]
116885 | Pan      | Gained mutation: You tend to lose your temper in combat. [a
                  | neqoxec]
116917 | Pan      | Lost mutation: Your body sometimes deteriorates upon taking
                  | damage. [potion of mutation]
116917 | Pan      | Lost mutation: You are extremely frail. (-30% HP) [potion
                  | of mutation]
116917 | Pan      | Lost mutation: You are very clumsy. (Dex -4) [potion of
                  | mutation]
116917 | Pan      | Lost mutation: You tend to lose your temper in combat.
                  | [potion of mutation]
116917 | Pan      | Lost mutation: Your magical capacity is low. (-10% MP)
                  | [potion of mutation]
116917 | Pan      | Gained mutation: Your mind is very acute. (Int +4) [potion
                  | of mutation]
116917 | Pan      | Gained mutation: You are covered in fur. (AC +1) [potion of
                  | mutation]
116939 | Pan      | Gained mutation: Your magical capacity is low. (-10% MP) [a
                  | cacodemon]
116961 | Pan      | Gained mutation: Scrolls take you a little longer to read.
                  | [a cacodemon]
116974 | Pan      | Gained mutation: You are extremely frail. (-30% HP) [a
                  | neqoxec]
117081 | Pan      | Noticed Mnoleg
117094 | Pan      | Killed Mnoleg
117124 | Pan      | Got a glowing rune of Zot
117133 | Pan      | Gained mutation: Scrolls take you longer to read. [a
                  | cacodemon]
117189 | Pan      | Lost mutation: You are extremely frail. (-30% HP) [potion
                  | of mutation]
117189 | Pan      | Lost mutation: Your mind is very acute. (Int +4) [potion of
                  | mutation]
117189 | Pan      | Lost mutation: Your magical capacity is low. (-10% MP)
                  | [potion of mutation]
117189 | Pan      | Gained mutation: You are extremely frail. (-30% HP) [potion
                  | of mutation]
117189 | Pan      | Gained mutation: You passively map a small area around you.
                  | [potion of mutation]
117190 | Pan      | Lost mutation: You sometimes yell uncontrollably at your
                  | foes. [potion of mutation]
117190 | Pan      | Lost mutation: You are covered in fur. (AC +1) [potion of
                  | mutation]
117190 | Pan      | Lost mutation: You are clumsy. (Dex -2) [potion of
                  | mutation]
117190 | Pan      | Gained mutation: You are partially covered in yellow
                  | scales. (AC +2) [potion of mutation]
117190 | Pan      | Lost mutation: You are extremely frail. (-30% HP) [potion
                  | of mutation]
117191 | Pan      | Lost mutation: You are very frail. (-20% HP) [potion of
                  | mutation]
117191 | Pan      | Lost mutation: You passively map a small area around you.
                  | [potion of mutation]
117191 | Pan      | Lost mutation: You are frail. (-10% HP) [potion of
                  | mutation]
117191 | Pan      | Gained mutation: You have sharp toenails. [potion of
                  | mutation]
117191 | Pan      | Gained mutation: You have a pair of small horns on your
                  | head. [potion of mutation]
117191 | Pan      | Gained mutation: You tend to lose your temper in combat.
                  | [potion of mutation]
117191 | Pan      | Gained mutation: You have very sharp teeth. [potion of
                  | mutation]
117200 | Pan      | Lost mutation: You are weak. (Str -2) [potion of mutation]
117200 | Pan      | Lost mutation: You do not regenerate when monsters are
                  | visible. [potion of mutation]
117200 | Pan      | Lost mutation: Your mind is acute. (Int +2) [potion of
                  | mutation]
117200 | Pan      | Gained mutation: You are frail. (-10% HP) [potion of
                  | mutation]
117200 | Pan      | Gained mutation: Your spells are a little harder to cast,
                  | but a little more powerful. [potion of mutation]
117201 | Pan      | Lost mutation: You are frail. (-10% HP) [potion of
                  | mutation]
117201 | Pan      | Lost mutation: Scrolls take you longer to read. [potion of
                  | mutation]
117201 | Pan      | Lost mutation: Scrolls take you a little longer to read.
                  | [potion of mutation]
117201 | Pan      | Gained mutation: You are weak. (Str -2) [potion of
                  | mutation]
117201 | Pan      | Gained mutation: You have razor-sharp toenails. [potion of
                  | mutation]
117202 | Pan      | Lost mutation: You have very sharp teeth. [potion of
                  | mutation]
117202 | Pan      | Lost mutation: You have a pair of small horns on your head.
                  | [potion of mutation]
117202 | Pan      | Gained mutation: You are agile. (Dex +2) [potion of
                  | mutation]
117202 | Pan      | Gained mutation: You have a beak for a mouth. [potion of
                  | mutation]
117203 | Pan      | Lost mutation: You tend to lose your temper in combat.
                  | [potion of mutation]
117203 | Pan      | Lost mutation: You occasionally shout uncontrollably at
                  | your foes. [potion of mutation]
117203 | Pan      | Lost mutation: Your spells are a little harder to cast, but
                  | a little more powerful. [potion of mutation]
117203 | Pan      | Lost mutation: You are weak. (Str -2) [potion of mutation]
117203 | Pan      | Gained mutation: Your spells are a little harder to cast,
                  | but a little more powerful. [potion of mutation]
117460 | Pan      | Entered the realm of Gloorx Vloq.
117502 | Pan      | Noticed Gloorx Vloq
117521 | Pan      | Killed Gloorx Vloq
117549 | Pan      | Got a dark rune of Zot
117837 | Pan      | Reached skill level 10 in Dodging
117908 | Pan      | Found an exit through the horrors of the Abyss.
118717 | Pan      | Found an exit through the horrors of the Abyss.
118783 | Pan      | Noticed Nocs the pandemonium lord
118784 | Pan      | Identified the cursed +0 tower shield "Bewev" {Dex+4}
118789 | Pan      | Killed Nocs the pandemonium lord
118836 | Pan      | Got a demonic rune of Zot
119453 | Pan      | Took an exit into the Abyss.
119453 | Abyss:1  | Escaped into the Abyss
119521 | Abyss:1  | Found a corrupted altar of Lugonu.
119542 | Depths:1 | Escaped the Abyss
119636 | Hell     | Upgraded the game from 0.27-a0-79-gcaaa221d37 to
                  | 0.27-a0-93-g19769c27d7
120081 | Tomb:1   | Entered Level 1 of the Tomb of the Ancients
120515 | Tomb:1   | Got a jasper-encrusted scale mail
120652 | Tomb:1   | Noticed a royal mummy
120660 | Tomb:1   | Killed a royal mummy
120878 | Tomb:1   | Noticed a royal mummy
120884 | Tomb:1   | Killed a royal mummy
121307 | Tomb:2   | Noticed a royal mummy
121307 | Tomb:2   | Noticed a royal mummy
121308 | Tomb:2   | Noticed a royal mummy
121320 | Tomb:2   | Noticed a royal mummy
121322 | Tomb:2   | Killed a royal mummy
121324 | Tomb:2   | Noticed a royal mummy
121330 | Tomb:2   | Killed a royal mummy
121330 | Tomb:2   | Killed a royal mummy
121776 | Tomb:2   | Killed a royal mummy
121785 | Tomb:2   | Killed a royal mummy
122321 | Tomb:1   | Noticed a royal mummy
122324 | Tomb:1   | Noticed a royal mummy
122327 | Tomb:1   | Noticed a royal mummy
122328 | Tomb:1   | Killed a royal mummy
122340 | Tomb:1   | Noticed a royal mummy
122342 | Tomb:1   | Noticed a royal mummy
122893 | Tomb:1   | Killed a royal mummy
123090 | Tomb:1   | Noticed a royal mummy
123093 | Tomb:1   | Killed a royal mummy
123098 | Tomb:1   | Noticed a royal mummy
123100 | Tomb:1   | Noticed a royal mummy
123478 | Tomb:1   | Killed a royal mummy
123524 | Tomb:1   | Killed a royal mummy
123624 | Tomb:1   | Killed a royal mummy
123644 | Tomb:1   | Killed a royal mummy
123862 | Tomb:1   | Noticed a royal mummy
123865 | Tomb:1   | Noticed a royal mummy
124250 | Tomb:1   | Killed a royal mummy
124280 | Tomb:1   | Killed a royal mummy
124287 | Tomb:1   | Noticed a royal mummy
124292 | Tomb:1   | Killed a royal mummy
124423 | Tomb:1   | Noticed a royal mummy
124424 | Tomb:1   | Noticed a royal mummy
124430 | Tomb:1   | Noticed a royal mummy
124435 | Tomb:1   | Killed a royal mummy
124439 | Tomb:1   | Killed a royal mummy
124440 | Tomb:1   | Killed a royal mummy
124459 | Tomb:1   | Noticed a royal mummy
124497 | Tomb:1   | Noticed a royal mummy
124498 | Tomb:1   | Killed a royal mummy
124511 | Tomb:1   | Killed a royal mummy
124767 | Tomb:1   | Noticed a royal mummy
124779 | Tomb:1   | Killed a royal mummy
124783 | Tomb:1   | Killed a royal mummy
124885 | Tomb:1   | Noticed a royal mummy
124885 | Tomb:1   | Noticed a royal mummy
124890 | Tomb:1   | Killed a royal mummy
124900 | Tomb:1   | Killed a royal mummy
125832 | Tomb:3   | Entered Level 3 of the Tomb of the Ancients
125856 | Tomb:3   | Found the +8 mithril axe "Arga" {speed, Will+}
125869 | Tomb:3   | Noticed a royal mummy
125870 | Tomb:3   | Noticed a royal mummy
126329 | Tomb:3   | Noticed a royal mummy
126336 | Tomb:3   | Killed a royal mummy
126352 | Tomb:2   | Killed a royal mummy
126663 | Tomb:3   | Noticed a royal mummy
126669 | Tomb:3   | Killed a royal mummy
126681 | Tomb:3   | Killed a royal mummy
126769 | Tomb:3   | Noticed a royal mummy
126783 | Tomb:3   | Killed a royal mummy
127076 | Tomb:3   | Got an ichor-stained dagger
127133 | Tomb:3   | Identified the Grimoire of Creative Lightness
127135 | Tomb:3   | Identified Sif Muna's Catalogue of Attacks and Lightness
127148 | Tomb:3   | Identified the ring of Xukif {rPois Dex+3 SInv} (You found
                  | it on level 3 of the Tomb of the Ancients)
127191 | Tomb:3   | Noticed Sojobo
127211 | Tomb:3   | Killed Sojobo
127518 | Tomb:3   | Got a fine morningstar
127519 | Tomb:3   | Identified the +5 morningstar of Zuxiar {drain, rF++ Str+10
                  | Int-2} (You found it on level 3 of the Tomb of the
                  | Ancients)
127661 | Tomb:3   | Noticed a royal mummy
127666 | Tomb:3   | Killed a royal mummy
127824 | Tomb:3   | Noticed a royal mummy
127834 | Tomb:3   | Killed a royal mummy
127872 | Tomb:3   | Noticed a royal mummy
127878 | Tomb:3   | Killed a royal mummy
127878 | Tomb:3   | Noticed a royal mummy
127879 | Tomb:3   | Reached skill level 27 in Throwing
127887 | Tomb:3   | Killed a royal mummy
127896 | Tomb:3   | Got a golden rune of Zot
128830 | Zot:5    | Got the Orb of Zot
128926 | Zot:3    | Noticed Caguh the pandemonium lord
128965 | Zot:3    | Noticed Nuitev the pandemonium lord
128979 | Zot:2    | Noticed Cimoh the pandemonium lord
129048 | Depths:3 | Noticed a seraph
129304 | D:11     | Reached skill level 15 in Dodging
129511 | D:$      | Escaped with the Orb!

Illustrated notes

Levels and vault maps discovered:
D:1:      dpeg_arrival_round_a, layout_loops_ring
D:2:      layout_basic, kennysheep_generic_room_13, uniq_jessica
D:3:      layout_basic, nicolae_overflow_crystal_walls,
          lightli_sewer_entry_pipes, kennysheep_donut, uniq_robin
D:4:      layout_rooms, grunt_temple_overflow_open
D:5:      layout_rooms, uniq_sigmund, uniq_pikel
D:6:      layout_rooms, lemuel_crystal_altar, basic_altar,
          fedhas_altar_decomposition, uniq_menkaure
D:7:      layout_basic, minmay_temple_entry_wispy
D:8:      layout_gridville, serial_shops, nicolae_shop_window_shopping,
          basic_altar
D:9:      layout_cave_pools, erik_lair_orcish_takeover, nicolae_blasting_shop
D:10:     layout_rooms, cheibriados_altar_1, uniq_fannar, uniq_harold
D:11:     layout_rooms, serial_shops, kennysheep_mini,
          minmay_misc_feat_four_crosses, nrook_mini_vaults, uniq_psyche,
          uniq_urug, uniq_snorg
D:12:     layout_roguey, zombieorc2_lemuel, serial_shops, shop
D:13:     layout_loops_ring
D:14:     layout_rooms, lightli_vaults_fourway_checkpoint, minivault_4,
          uniq_roxanne, uniq_louise
D:15:     grunt_enter_depths_magical_seal, layout_irregular_city,
          serial_bayou_pond_a, gauntlet_entry_generic, grunt_ministairs_7,
          nicolae_dithmenos_the_darkroom, uniq_josephine
Temple:   dpeg_five_rooms_temple
Lair:1:   layout_regular_city
Lair:2:   layout_layer_cave
Lair:3:   layout_cave_pods, grunt_megastairs_2
Lair:4:   beast_lair_carwin_large_3, layout_small_grid, shoals_dummy_entry,
          dummy_spider_entry, st_stairs_7, grunt_forest_small_clearings,
          uniq_sonja
Lair:5:   layout_regular_city, slime_altar_1, serial_bayou,
          serial_bayou_lagoon_b, serial_bayou_pond_a, serial_bayou_pond_d,
          serial_bayou_crossing, serial_bayou_shore_b, beast_lair_carwin_9
Lair:6:   minmay_lair_end_enchanted_forest, layout_regular_city,
          kennysheep_abandoned_house
Shoals:1: layout_shoals, nicolae_shoals_mertower
Shoals:2: layout_shoals, portal_ice_cave_entry_pillars_four,
          nicolae_shoals_flooded_hall
Shoals:3: layout_shoals, uniq_polyphemus
Shoals:4: shoals_end_simple, layout_shoals
Spider:1: gammafunk_its_a_trap
Spider:2: layout_chambers, drop_trap
Spider:3: cheibrodos_spider_silkery, einodemon_crawler_minivault, uniq_arachne
Spider:4: johnstein_spider_rune_arachne_lair, spiders_nest_the_unseen
Slime:1:  layout_caves
Slime:2:  cheibrodos_slime_lost_civilization_8, layout_caves, basic_altar,
          nicolae_slime_welcoming_committee
Slime:3:  layout_caves
Slime:4:  layout_caves
Slime:5
Orc:1:    layout_caves
Orc:2:    grunt_orc_community_town_hall, layout_caves,
          grunt_orc_community_big_house_1, grunt_orc_community_big_house_1,
          grunt_orc_community_house_3, grunt_orc_community_house_1,
          grunt_orc_community_house_1, grunt_orc_community_house_2,
          serial_shops, shop
Elf:1:    layout_onion_city, serial_shops, shop, minmay_elf_crystal_heptagon,
          uniq_donald, uniq_azrael, uniq_kirke
Elf:2:    layout_geoelf_octagon
Elf:3:    grunt_elf_hall_asides, layout_geoelf_diagonals
Vaults:1: nicolae_vaults_back_hallway, nicolae_vaults_big_ls, v_misc_25,
          v_misc_25, vaults_mumra_hex, ontoclasm_vaults_ring_large, v_misc_18,
          nicolae_vaults_little_squares_3, v_alt_pattern_6,
          hangedman_vaults_trim, ontoclasm_vaults_decontamination,
          layout_vaults_omnicross, uniq_asterion
Vaults:2: minmay_crypt_entry_simple_sparse, nicolae_vaults_know_your_exits,
          ontoclasm_vaults_twist, hangedman_vaults_nodes,
          nicolae_vaults_ring_of_whatevers, ontoclasm_vaults_bender,
          vaults_dpeg_ring, layout_vaults_chaotic_city, serial_shops, shop
Vaults:3: vaults_room_pools, st_greater_box_4, vaults_room_fours,
          ontoclasm_vaults_misaligned, v_alt_pattern_1, vaults_dpeg_hooks,
          vaults_mumra_minichess_inversion, nicolae_vaults_mini_display_case,
          v_alt_pattern_5, layout_vaults_omnigrid, uniq_jory
Vaults:4: v_misc_13, hangedman_vaults_locks, nicolae_vaults_arrows,
          nicolae_vaults_ring_of_whatevers, vaults_room_glass_cross,
          vaults_room_corners, nicolae_vaults_network_star,
          dpeg_vaults_monster_row, nicolae_vaults_diagonal_hallway_8,
          v_pattern_3, layout_vaults_maze_snakey
Vaults:5
Crypt:1:  layout_chaotic_city
Crypt:2:  layout_gridlike, minivault_14
Crypt:3:  david_glass_crypt, layout_rooms, mu_enter_wizlab_3, uniq_mara
Tomb:1
Tomb:2
Tomb:3:   uniq_sojobo
Depths:1: layout_basic, hell_entry, pan_entry,
          amcnicky_mini_rare_corridor_liquid, serial_bayou_ford_a,
          minmay_misc_feat_iff, pandoras_box_mu
Depths:2: grunt_runaround [grunt_runaround_doors_1, grunt_runaround_doors_2,
          grunt_runaround_doors_3, grunt_runaround_doors_4,
          grunt_runaround_loot], hell_entry, serial_shops
Depths:3: minmay_the_grid_triangle_9x9_recursive_2_mashed
          [minmay_the_grid_triangle_9x9_prize_special,
          minmay_the_grid_triangle_9x9_zippers_horizontal,
          minmay_the_grid_triangle_9x9_longest,
          minmay_the_grid_triangle_9x9_swiss_cheese], layout_cave_pools,
          enter_ziggurat_d, serial_sigils_hangedman_stare,
          grunt_hell_entry_dis_mu, grunt_pan_entry_sceptre,
          nicolae_transmutations_shop, minmay_staircase_statues_hall_small
Depths:4: minmay_distorted_concentric_squares, layout_basic, hellmouth_1,
          wad_floor_pattern_untrapped, nicolae_abyss_entry_one_way_or_another,
          kennysheep_underground_church, infiniplex_staircase_diamond,
          uniq_saint_roka
Depths:5: evilmike_zot_entry_diamond, layout_cave_pools, hell_entry,
          chequers_big_river, pan_entry, minmay_crystal_water, lightli_minifort
Hell
Dis:1:    layout_regular_city
Dis:2:    layout_subdivisions
Dis:3:    layout_subdivisions
Dis:4:    layout_gridville
Dis:5:    layout_regular_city, evilmike_ambush [evilmike_ambush_outer_basic,
          evilmike_ambush_inner_wall_1]
Dis:6:    layout_chaotic_city
Dis:7:    dis_grunt_layers
Geh:1:    layout_gehenna_lava_caves
Geh:2:    layout_gehenna_pools_box
Geh:3:    layout_gehenna_lava_caves
Geh:4:    layout_gehenna_pools_basic
Geh:5:    layout_gehenna_pools_basic
Geh:6:    layout_gehenna_pools_box
Geh:7:    geh_old
Coc:1:    layout_cocytus_delve, evilmike_ambush [evilmike_ambush_outer_pillars,
          evilmike_ambush_inner_basic]
Coc:2:    layout_ice_bergs
Coc:3:    layout_cocytus_water_paths
Coc:4:    layout_cocytus_water_paths
Coc:5:    layout_cocytus_water_paths
Coc:6:    layout_ice_bergs
Coc:7:    coc_dpeg
Tar:1:    layout_honeycomb
Tar:2:    layout_catacombs
Tar:3:    layout_catacombs
Tar:4:    layout_honeycomb, nicolae_tar_cuneiform_bird, grunt_megastairs_4
Tar:5:    layout_honeycomb, nicolae_tar_cuneiform_not
Tar:6:    layout_cathedral_of_symmetry, grunt_megastairs_1
Tar:7:    tar_grunt_cathedral
Zot:1:    layout_gridlike
Zot:2:    layout_onion_interference, grunt_ministairs_3
Zot:3:    ebering_klown_carousel, layout_gridlike, grunt_megastairs_5,
          uniq_tiamat
Zot:4:    layout_onion_interference
Zot:5:    layout_twisted_circle

Skill      XL: |  1  2  3  4  5  6  7  8  9 10 11 12 13 14 15 16 17 18 19 20 21 22 23 24 25 26 27 |
---------------+----------------------------------------------------------------------------------+-----
Fighting       | 4 5 7 9 10 11 12 13 14 15 16 17 18 19 20 21 22 23 27 | 27.0
Armour         | 4 5 6 7 9 10 11 13 14 15 16 17 18 19 20 21 22 23 24 27 | 27.0
Shields        | 4 5 6 7 8 9 10 11 12 13 14 15 17 19 20 22 23 24 25 27 | 27.0
Maces & Flails | 3 4 5 6 8 9 11 12 14 15 16 17 18 27 | 27.0
Invocations    | 2 4 6 7 9 10 13 27 | 27.0
Throwing       | 27 | 27.0
Spellcasting   | 7 |  7.9
Evocations     | 20 | 20.7
Dodging        | 15 | 15.0
Air Magic      | 2 |  2.8

Action                   |  1- 3 |  4- 6 |  7- 9 | 10-12 | 13-15 | 16-18 | 19-21 | 22-24 | 25-27 || total
-------------------------+-------+-------+-------+-------+-------+-------+-------+-------+-------++-------
Melee: Flail             |    80 |   365 |   132 |       |       |       |       |       |       ||   577
       Whip              |       |       |   329 |   119 |       |       |       |       |       ||   448
       Mace              |       |       |       |  1248 |  1140 |       |       |       |       ||  2388
       Morningstar       |       |       |       |       |  1256 |       |       |       |  1576 ||  2832
       Eveningstar       |       |       |       |       |   353 |   532 |       |       |  7091 ||  7976
       Demon whip        |       |       |       |       |       |  1329 |  1679 |  2193 |  2004 ||  7205
       Unarmed           |       |       |       |       |       |       |       |     2 |       ||     2
       Peck              |       |       |       |       |       |       |       |       |   219 ||   219
Throw: Javelin           |       |       |       |       |       |     6 |       |       |   165 ||   171
       Throwing net      |       |       |       |       |       |       |       |       |     2 ||     2
 Cast: Swiftness         |       |       |       |       |       |       |       |       |     1 ||     1
Invok: Heroism           |       |       |       |    19 |    24 |    10 |    27 |    19 |    20 ||   119
       Finesse           |       |       |       |     2 |    12 |     5 |     5 |     5 |    13 ||    42
       Cleansing Flame   |       |       |       |       |       |       |       |       |   112 ||   112
       Summon Divine War |       |       |       |       |       |       |       |       |    24 ||    24
       Divine Shield     |       |       |       |       |       |       |       |       |    18 ||    18
       Brand Weapon With |       |       |       |       |       |       |       |       |     1 ||     1
 Abil: Stop Flying       |       |       |       |       |     1 |     1 |       |       |     7 ||     9
       Fly               |       |       |       |       |       |     1 |       |       |     7 ||     8
       Evoke Blink       |       |       |       |       |       |       |     1 |       |       ||     1
Evoke: Wand              |       |       |       |       |     6 |     3 |     1 |     3 |    23 ||    36
       Box of beasts     |       |       |       |       |       |       |       |     1 |     1 ||     2
       Phantom mirror    |       |       |       |       |       |       |       |       |     3 ||     3
  Use: Scroll            |       |    14 |     6 |     2 |    13 |     6 |    11 |     7 |   108 ||   167
       Potion            |       |     2 |       |     1 |     2 |     2 |     2 |       |    44 ||    53
 Stab: Petrified         |       |       |       |       |    10 |       |       |       |       ||    10
       Petrifying        |       |       |       |       |     1 |       |       |       |       ||     1
       Invisible         |       |       |       |       |     1 |       |       |       |       ||     1
Armor: Scale mail        |    51 |   244 |   120 |       |       |       |       |       |       ||   415
       Plate armour      |       |       |   129 |   558 |  1075 |   626 |   411 |   582 |  1281 ||  4662
       Crystal plate arm |       |       |       |       |       |       |       |       |  3583 ||  3583
       Gold dragon scale |       |       |       |       |       |       |       |       |   767 ||   767
Dodge: Dodged            |    17 |   156 |   112 |   589 |  1108 |   301 |   164 |   218 |  2100 ||  4765
Block: Kite shield       |    42 |   244 |   273 |   866 |  1992 |       |       |       |       ||  3417
       Reflection        |       |       |       |       |    73 |   107 |   162 |   153 |   431 ||   926
       Tower shield      |       |       |       |       |   372 |  2237 |  1651 |  2178 | 16398 || 22836
       Other             |       |       |       |       |       |       |       |     1 |       ||     1

Table legend: (Time is in decaauts)
 A = Elapsed time spent in this place.
 B = Non-inter-level travel time spent in this place.
 C = Inter-level travel time spent in this place.
 D = Time resting spent in this place.
 E = Time spent auto-exploring this place.
 F = Levels seen in this place.
 G = Mean time per level.
                   A        B        C        D        E       F      G
               +--------+--------+--------+--------+--------+-----+--------+
         Total | 123547 | 114901 |   8646 |  18819 |  42261 | 129 |  957.7 |
       Dungeon |  19375 |  16649 |   2726 |   3020 |   8129 |  15 | 1291.7 |
        Temple |    260 |    211 |     49 |      0 |    188 |   1 |  260.0 |
          Lair |  11702 |  11061 |    641 |    754 |   7701 |   6 | 1950.3 |
        Shoals |   5192 |   5089 |    103 |    506 |   2472 |   4 | 1298.0 |
   Spider Nest |   5239 |   4848 |    391 |    167 |   3185 |   4 | 1309.8 |
    Slime Pits |   2851 |   2851 |      0 |   1189 |    470 |   5 |  570.2 |
  Orcish Mines |   3378 |   3049 |    329 |    901 |   1138 |   2 | 1689.0 |
   Elven Halls |   5035 |   4700 |    335 |    501 |   2224 |   3 | 1678.3 |
        Vaults |  10308 |   8728 |   1580 |   1091 |   4499 |   5 | 2061.6 |
         Crypt |   3658 |   3464 |    194 |    709 |   1465 |   3 | 1219.3 |
          Tomb |   8277 |   8152 |    125 |   3904 |     13 |   3 | 2759.0 |
        Depths |   9637 |   7861 |   1776 |   1023 |   3387 |   5 | 1927.4 |
          Hell |   2459 |   2382 |     77 |    591 |    601 |   1 | 2459.0 |
           Dis |   2985 |   2936 |     49 |     18 |    356 |   7 |  426.4 |
       Gehenna |   4411 |   4411 |      0 |    410 |    839 |   7 |  630.1 |
       Cocytus |   2944 |   2834 |    110 |    256 |     58 |   7 |  420.6 |
      Tartarus |   3641 |   3641 |      0 |      0 |    373 |   7 |  520.1 |
           Zot |   9348 |   9192 |    156 |   2223 |   1970 |   5 | 1869.6 |
         Abyss |    810 |    810 |      0 |    116 |    125 |   4 |  202.5 |
   Pandemonium |   5950 |   5950 |      0 |    432 |   1834 |  14 |  425.0 |
      Ziggurat |   2615 |   2615 |      0 |    353 |    132 |  17 |  153.8 |
         Sewer |    787 |    787 |      0 |    234 |    304 |   1 |  787.0 |
      Ice Cave |    770 |    770 |      0 |      0 |    446 |   1 |  770.0 |
        Wizlab |    867 |    867 |      0 |    240 |    151 |   1 |  867.0 |
      Gauntlet |   1037 |   1037 |      0 |    179 |    197 |   1 | 1037.0 |
               +--------+--------+--------+--------+--------+-----+--------+

Top non-repeatable levels by time:
  Tomb:1: 4549 daAuts
Depths:1: 3461 daAuts
   Zot:3: 3065 daAuts
Vaults:2: 2940 daAuts
   Zot:5: 2710 daAuts
    Hell: 2459 daAuts
  Lair:6: 2345 daAuts
  Lair:4: 2294 daAuts
Vaults:3: 2191 daAuts
   Orc:2: 2178 daAuts
Vaults:1: 2170 daAuts
  Tomb:2: 2164 daAuts
Spider:4: 2133 daAuts
     D:3: 2112 daAuts
  Lair:2: 2060 daAuts
